Workbook
Name ENGAGE_02frT2kNKhvISDAATVyc_1608645168: #REF!
Name ENGAGE_048oRuBR1GhyXka9d3Jt_1579601679: #REF!
Name ENGAGE_048oRuBR1GhyXka9d3Jt_1579601679: #REF!
Name ENGAGE_04O8ArTsCRbW63oKNuYu_1607951803: #REF!
Name ENGAGE_05HcbReaoHRXx5qV8k9j_1579601617: #REF!
Name ENGAGE_05HcbReaoHRXx5qV8k9j_1579601617: #REF!
Name ENGAGE_07JeVPesA0CQOWSGFzvY_1608644999: #REF!
Name ENGAGE_08uM8x7b1p5EPUtZ8WUp_1579601601: #REF!
Name ENGAGE_08uM8x7b1p5EPUtZ8WUp_1579601601: #REF!
Name ENGAGE_0Ad7isfIzmB9pNtBEpJF_1579601643: #REF!
Name ENGAGE_0Ad7isfIzmB9pNtBEpJF_1579601643: #REF!
Name ENGAGE_0BaB0xGw7b3NEV6itjYR_1608645108: #REF!
Name ENGAGE_0coTMlCGpBc0VHkFRkeI_1608644980: #REF!
Name ENGAGE_0Edqthrdx4lPfJs8Fs9p_1608645166: #REF!
Name ENGAGE_0GdTyym4siWn9Q6FsEYz_1608645028: #REF!
Name ENGAGE_0iaJwTQDI2IxlU5rKvyc_1607951694: #REF!
Name ENGAGE_0j0oU87unGzowhEaerjW_1607951640: #REF!
Name ENGAGE_0jT5wlvJiCTaDbdCSnwM_1607951733: #REF!
Name ENGAGE_0O9FRcTI4e3PrPcEcCuA_1607951716: #REF!
Name ENGAGE_0OT1clCyXx2fnZzsfUO1_1579601743: #REF!
Name ENGAGE_0OT1clCyXx2fnZzsfUO1_1579601743: #REF!
Name ENGAGE_0ZzpHGYVakG9Kz7bwqyo_1608645057: #REF!
Name ENGAGE_12mc1oaU5PpIlHvt1xhj_1579601640: #REF!
Name ENGAGE_12mc1oaU5PpIlHvt1xhj_1579601640: #REF!
Name ENGAGE_12Tt4LvOLLM4zjDX54tF_1579601625: #REF!
Name ENGAGE_12Tt4LvOLLM4zjDX54tF_1579601625: #REF!
Name ENGAGE_13mcYMPXLdImzDu33HVG_1579601606: #REF!
Name ENGAGE_13mcYMPXLdImzDu33HVG_1579601606: #REF!
Name ENGAGE_169q0LNCkdsavDxsddBP_1608645156: #REF!
Name ENGAGE_18ezk26WTvkos17BdRk2_1579601704: #REF!
Name ENGAGE_18ezk26WTvkos17BdRk2_1579601704: #REF!
Name ENGAGE_1aMyrae2tJb8Yxh6LKLY_1608645018: #REF!
Name ENGAGE_1cLhQ3qvq1RHdAfHNTVg_1608645057: #REF!
Name ENGAGE_1CTgC8YASw1u0XTwcVDx_1608644970: #REF!
Name ENGAGE_1dE3rRSrON2gMzSXBWGh_1607951801: #REF!
Name ENGAGE_1EcV6XNKGZH4E9CBmEWs_1607951588: #REF!
Name ENGAGE_1ekuuZhSLpG5AlWGRqk9_1608645018: #REF!
Name ENGAGE_1esG7mpwHyPYF1aRkBRa_1579601701: #REF!
Name ENGAGE_1esG7mpwHyPYF1aRkBRa_1579601701: #REF!
Name ENGAGE_1Fo0jf9LKAfDaxcQLNjl_1579601719: #REF!
Name ENGAGE_1Fo0jf9LKAfDaxcQLNjl_1579601719: #REF!
Name ENGAGE_1gCG8mo4EHAshW45VCt9_1579601743: #REF!
Name ENGAGE_1gCG8mo4EHAshW45VCt9_1579601743: #REF!
Name ENGAGE_1h5GSkaC9Mt0cyfvHlbs_1607951684: #REF!
Name ENGAGE_1I8TnvAY737dO5prfUsE_1579601732: #REF!
Name ENGAGE_1I8TnvAY737dO5prfUsE_1579601732: #REF!
Name ENGAGE_1kfKJMhostjrd5TrCFfM_1607951733: #REF!
Name ENGAGE_1KJBeHuPU1xREx45IBjm_1579601631: #REF!
Name ENGAGE_1KJBeHuPU1xREx45IBjm_1579601631: #REF!
Name ENGAGE_1L4ig1AQmrQkISTbyWB1_1608644982: #REF!
Name ENGAGE_1l6hVwTNrAd1D0oz7rCX_1607951620: #REF!
Name ENGAGE_1WEIftkrjQ8PnYLivqE1_1608645056: #REF!
Name ENGAGE_1WPg0tJStF6GSfccW5ZI_1608644969: #REF!
Name ENGAGE_1yGZajn44s3YsuVbZrQu_1608645134: #REF!
Name ENGAGE_25jsRTX5SRMIASHUTWI2_1608645071: #REF!
Name ENGAGE_27CwypvvJISpXWulGKUJ_1607951594: #REF!
Name ENGAGE_283pzSa0C50EtX8ZHTAp_1608645164: #REF!
Name ENGAGE_29ANBYqGiLiyScb8sSMc_1608645144: #REF!
Name ENGAGE_2Aezlsk1ISCwuRKVJT2i_1607951805: #REF!
Name ENGAGE_2dt2wdSqLoF20Sha5X63_1608645037: #REF!

Sheet CONTENTS
A1: 0. Overview
A2: ='0. Overview'!A1 -> 0.1 Burlington County Basic Needs Overview
A3: ='0. Overview'!A244 -> 0.2 Burlington County Service Needs Overview
A5: 1. Demographics
A6: ='1. Demographics'!A1:I1 -> 1.1. NJ counties race/ethnicity (percentage), 2019
A7: ='1. Demographics'!31:31 -> 1.2 Racial/ ethnic demographics (%) over time, in county
A8: ='1. Demographics'!44:44 -> 1.3. Burlington county municipalities race/ethnicity (percentage), 2019
A9: ='1. Demographics'!124:124 -> 1.4. Population (%) foreign-born in NJ (by county)
A10: ='1. Demographics'!153:153 -> 1.5 Population (%) foreign born over time, in county
A11: ='1. Demographics'!165:165 -> 1.6. Population (%) foreign-born by municipality
A12: ='1. Demographics'!242:242 -> 1.7. NJ county language demographics (percentage), 2019
A13: ='1. Demographics'!271:271 -> 1.8 Population (%) English only speakers over time, in county
A14: ='1. Demographics'!283:283 -> 1.9. Illustration of English-only speakers (%) variation by municipality
A15: ='1. Demographics'!363:363 -> 1.10. Total children in each county under the age of 18
A16: ='1. Demographics'!395:395 -> 1.11. Children (#) per age category in NJ by county
A17: ='1. Demographics'!425:425 -> 1.12. Children (#), by municipality
A18: ='1. Demographics'!452:452 -> 1.13. Children served by CP&P
A19: ='1. Demographics'!484:484 -> 1.14 Children (#) in CP&P out-of-home placement – kin and non-kin, in county
A21: 2. Poverty
A22: ='2. Poverty'!1:1 -> 2.1. NJ county poverty rate of families with children <18 (in the past 12 months), 2019
A23: ='2. Poverty'!31:31 -> 2.2 Families (%) with children under the age of 18 living in poverty over time, in county
A24: ='2. Poverty'!43:43 -> 2.3. Burlington county municipality poverty rate of families with children < 18 (in the past 12 months), 2019
A26: 3. Cost of Living
A27: ='3. Cost of Living'!1:1 -> 3.1. Monthly cost of living estimates ($) for NJ counties
A28: ='3. Cost of Living'!29:29 -> 3.2 Annual cost of living estimates ($) in NJ (by county)
A30: 4. Income
A31: ='4. Income'!1:1 -> 4.1. NJ counties median household income, 2019
A32: ='4. Income'!31:31 -> 4.2 Median household income ($) over time, in county
A33: ='4. Income'!43:43 -> 4.3. Burlington county municipalities median household income, 2019
A35: 5. Housing
A36: ='5. Housing'!1:1 -> 5.1. Households (%) with severe cost burden for housing (by county)
A37: ='5. Housing'!31:31 -> 5.2 Households (%) with severe housing problems* over time, in county
A39: 6. Food & Nutrition
A40: ='6. Food & Nutrition'!A1 -> 6.1 Food Insecurity (%) across counties, 2018
A41: ='6. Food & Nutrition'!37:37 -> 6.2 Individuals (#) enrolled in WIC nutrition program, in county
A42: ='6. Food & Nutrition'!66:66 -> 6.3 Children (#) receiving free or reduced lunch, in county
A43: ='6. Food & Nutrition'!95:95 -> 6.4 Children (#) receiving NJ SNAP supplemental nutritional assistance, in county
A45: 7. Child Care
A46: ='7. Child Care'!1:1 -> 7.1. Median monthly child care cost of center-based care by age of child​
A47: ='7. Child Care'!36:36 -> 7.2. Median monthly child care cost of center-based care by age of child compared with median household income, by county
A49: 8. Transportation and Commute
A50: ='8. Transportation & Commute'!1:1 -> 8.1 Average commute (minutes) in NJ (by county)
A51: ='8. Transportation & Commute'!31:31 -> 8.2 Average commute (minutes) over time, in county
A52: ='8. Transportation & Commute'!43:43 -> 8.3 Average commute (minutes) by municipality
A53: ='8. Transportation & Commute'!120:120 -> 8.4. Cost of transportation as a % of income in NJ counties, 2017
A54: ='8. Transportation & Commute'!149:149 -> 8.5. Annual Total Auto Cost ($) in NJ (by county), 2020
A56: 9. Health Insurance and Health Care
A57: ='9. Health Ins. & Health Care'!1:1 -> 9.1. Proportion of NJ county minors with no health insurance coverage, 2019
A58: ='9. Health Ins. & Health Care'!32:32 -> 9.2 Children without health insurance (%) over time, in county
A59: ='9. Health Ins. & Health Care'!45:45 -> 9.3. Proportion of Burlington county municipality minors with no health insurance coverage, 2019
A60: ='9. Health Ins. & Health Care'!124:124 -> 9.4 NJ Family Care Medicaid Participation, by County, November 2020
A61: ='9. Health Ins. & Health Care'!153:153 -> 9.5 Percentage of Children Meeting All Immunization Requirements by Grade Type and County, NJ, 2019-2020
A62: ='9. Health Ins. & Health Care'!184:184 -> 9.6 County immunization rates (%) (all grade types), in county
A63: ='9. Health Ins. & Health Care'!199:199 -> 9.7 Reports of late or lack of prenatal care, by County, 2018-2019
A64: ='9. Health Ins. & Health Care'!231:231 -> 9.8 Late or lack of prenatal care reports (#) over time, in county
A66: 10. Employment
A67: ='10. Employment'!1:1 -> 10.1. NJ county average weekly wage ($) by quarter, 2019
A68: ='10. Employment'!31:31 -> 10.2. Burlington county average weekly wage by quarter, 2017-2019
A69: ='10. Employment'!43:43 -> 10.3. County level unemployment rates, October 2019-September 2020 (unadjusted)
A70: ='10. Employment'!A74 -> 10.4 Median unemployment rates, October 2019-September 2020, across counties
A71: ='10. Employment'!105:105 -> 10.5. NJ counties median Income by Sex, 2019
A72: ='10. Employment'!A135:I135 -> 10.6 Median income ($) by sex: national, state, and county comparison
A73: ='10. Employment'!147:147 -> 10.7 Median income ($) by sex over time, in county
A74: ='10. Employment'!162:162 -> 10.8 Burlington county municipalities median Income by Sex, 2019
A76: 11. Community Safety
A77: ='11. Community Safety'!1:1 -> 11.1. Violent Crimes (#) and the Crime Rate (per 1,000), 2019
A78: ='11. Community Safety'!34:34 -> 11.2 Crimes by type (#) in county
A79: ='11. Community Safety'!58:58 -> 11.3. NJ county juvenile arrest rates, 2016
A80: ='11. Community Safety'!87:87 -> 11.4. Burlington county juvenile arrest rate, 2012-2016
A81: ='11. Community Safety'!100:100 -> 11.5: Crime guns recovered (#) in NJ (by county), October 2020
A82: ='11. Community Safety'!128:128 -> 11.6: Crime guns recovered (#) November 2019-October 2020, in county
A83: ='11. Community Safety'!147:147 -> 11.7: Municipalities in NJ with most crime guns recovered (#), October 2020
A85: 12. Domestic Violence
A86: ='12. Domestic Violence'!1:1 -> 12.1. NJ county domestic violence incidents, 2019
A87: ='12. Domestic Violence'!30:30 -> 12.2 Domestic violence incidents (# reported) over time, in county
A88: ='12. Domestic Violence'!42:42 -> 12.3. Domestic violence incidents by Burlington county municipality, 2013-2019
A89: ='12. Domestic Violence'!119:119 -> 12.4. Domestic violence offenses by type (#) in New Jersey, 2019
A90: ='12. Domestic Violence'!148:148 -> 12.5. Domestic violence offenses by type (#) in County, 2019
A92: 13. Substance Use Disorder
A93: ='13. Substance Use Disorder'!1:1 -> 13.1. NJ counties suspected opioid overdose deaths and % change, 2018-2019
A94: ='13. Substance Use Disorder'!31:31 -> 13.2 Number of (#) suspected opioid deaths over time, in county
A95: ='13. Substance Use Disorder'!43:43 -> 13.3. Change in Population for every one overdose death, 2017-2018
A96: ='13. Substance Use Disorder'!73:73 -> 13.4 Population for every 1 overdose death over time, in county
A97: ='13. Substance Use Disorder'!85:85 -> 13.5. Proportion of substances (percentage) identified at substance abuse treatment center admissions across NJ counties, 2018
A99: 14. Mental Health Services
A100: ='14. Mental Health Services'!1:1 -> 14.1. Burlington county mental health services (programs), 2017
A101: ='14. Mental Health Services'!29:29 -> 14.2. NJ county age adjusted frequency of mental health distress, 2017
A102: ='14. Mental Health Services'!57:57 -> 14.3 Frequency (%) of mental health distress over time – age adjusted, in county
A103: ='14. Mental Health Services'!69:69 -> 14.4. Frequency (%) of mental health distress by race/ethnicity – age adjusted, in county
A104: ='14. Mental Health Services'!81:81 -> 14.5 Frequency (%) of mental health distress by sex – age adjusted, in county
A105: ='14. Mental Health Services'!90:90 -> 14.6. NJ county age adjusted prevalence of diagnosed depression, 2017
A106: ='14. Mental Health Services'!118:118 -> 14.7 Frequency (%) of depression over time, in county
A107: ='14. Mental Health Services'!130:130 -> 14.8. Diagnosed depression by race/ethnicity, in county
A108: ='14. Mental Health Services'!A143:I143 -> 14.9 Diagnosed depression by sex, in county
A110: 15. Education
A111: ='15. Education'!1:1 -> 15.1 Children enrolled in special education services, by County, 2018-2019
A112: ='15. Education'!33:33 -> 15.2 Children Receiving Early Intervention Services, by County, 2018-2019

Sheet 0. Overview
A1: 0.1 Burlington County Basic Needs Overview
B2: slider position | C2: spectrum | D2: slider fill | E2: slider size | F2: Slide Title
A3: Hunterdon | B3: 21 | C3: 22 | D3: 20.875 | E3: 0.25 | F3: 2.1
A4: Somerset | B4: 20 | C4: 22 | D4: 19.875 | E4: 0.25
A5: Bergen | B5: 19 | C5: 22 | D5: 18.875 | E5: 0.25
A6: Monmouth | B6: 18 | C6: 22 | D6: 17.875 | E6: 0.25
A7: Morris | B7: 17 | C7: 22 | D7: 16.875 | E7: 0.25
A8: Burlington | B8: 16 | C8: 22 | D8: 15.875 | E8: 0.25
A9: Sussex | B9: 15 | C9: 22 | D9: 14.875 | E9: 0.25
A10: Gloucester | B10: 14 | C10: 22 | D10: 13.875 | E10: 0.25
A11: Warren | B11: 13 | C11: 22 | D11: 12.875 | E11: 0.25
A12: Middlesex | B12: 12 | C12: 22 | D12: 11.875 | E12: 0.25
A13: Union | B13: 11 | C13: 22 | D13: 10.875 | E13: 0.25
A14: Ocean | B14: 10 | C14: 22 | D14: 9.875 | E14: 0.25
A15: Mercer | B15: 9 | C15: 22 | D15: 8.875 | E15: 0.25
... A23: Salem | B23: 1 | C23: 22 | D23: 0.875 | E23: 0.25
A25: Morris | B25: 21 | C25: 22 | D25: 20.875 | E25: 0.25 | F25: 4.1
A26: Hunterdon | B26: 20 | C26: 22 | D26: 19.875 | E26: 0.25
A27: Somerset | B27: 19 | C27: 22 | D27: 18.875 | E27: 0.25
A28: Bergen | B28: 18 | C28: 22 | D28: 17.875 | E28: 0.25
A29: Monmouth | B29: 17 | C29: 22 | D29: 16.875 | E29: 0.25
A30: Sussex | B30: 16 | C30: 22 | D30: 15.875 | E30: 0.25
A31: Middlesex | B31: 15 | C31: 22 | D31: 14.875 | E31: 0.25
A32: Gloucester | B32: 14 | C32: 22 | D32: 13.875 | E32: 0.25
A33: Burlington | B33: 13 | C33: 22 | D33: 12.875 | E33: 0.25
A34: Warren | B34: 12 | C34: 22 | D34: 11.875 | E34: 0.25
A35: Union | B35: 11 | C35: 22 | D35: 10.875 | E35: 0.25
A36: Mercer | B36: 10 | C36: 22 | D36: 9.875 | E36: 0.25
A37: Hudson | B37: 9 | C37: 22 | D37: 8.875 | E37: 0.25
... A45: Cumberland | B45: 1 | C45: 22 | D45: 0.875 | E45: 0.25
A47: Hunterdon | B47: 21 | C47: 22 | D47: 20.875 | E47: 0.25 | F47: 5.1
A48: Morris | B48: 20 | C48: 22 | D48: 19.875 | E48: 0.25
A49: Warren | B49: 19 | C49: 22 | D49: 18.875 | E49: 0.25
A50: Gloucester | B50: 18 | C50: 22 | D50: 17.875 | E50: 0.25
A51: Sussex | B51: 17 | C51: 22 | D51: 16.875 | E51: 0.25
A52: Burlington | B52: 16 | C52: 22 | D52: 15.875 | E52: 0.25
A53: Somerset | B53: 15 | C53: 22 | D53: 14.875 | E53: 0.25
A54: Salem | B54: 14 | C54: 22 | D54: 13.875 | E54: 0.25
A55: Middlesex | B55: 13 | C55: 22 | D55: 12.875 | E55: 0.25
A56: Mercer | B56: 12 | C56: 22 | D56: 11.875 | E56: 0.25
A57: Monmouth | B57: 11 | C57: 22 | D57: 10.875 | E57: 0.25
A58: Ocean | B58: 10 | C58: 22 | D58: 9.875 | E58: 0.25
A59: Camden | B59: 9 | C59: 22 | D59: 8.875 | E59: 0.25
... A67: Passaic | B67: 1 | C67: 22 | D67: 0.875 | E67: 0.25
A69: Hunterdon | B69: 21 | C69: 22 | D69: 20.875 | E69: 0.25 | F69: 6.2
A70: Sussex | B70: 20 | C70: 22 | D70: 19.875 | E70: 0.25
A71: Salem | B71: 19 | C71: 22 | D71: 18.875 | E71: 0.25
A72: Warren | B72: 18 | C72: 22 | D72: 17.875 | E72: 0.25
A73: Cape May | B73: 17 | C73: 22 | D73: 16.875 | E73: 0.25
A74: Morris | B74: 16 | C74: 22 | D74: 15.875 | E74: 0.25
A75: Somerset | B75: 15 | C75: 22 | D75: 14.875 | E75: 0.25
A76: Gloucester | B76: 14 | C76: 22 | D76: 13.875 | E76: 0.25
A77: Burlington | B77: 13 | C77: 22 | D77: 12.875 | E77: 0.25
A78: Cumberland | B78: 12 | C78: 22 | D78: 11.875 | E78: 0.25
A79: Atlantic | B79: 11 | C79: 22 | D79: 10.875 | E79: 0.25
A80: Monmouth | B80: 10 | C80: 22 | D80: 9.875 | E80: 0.25
A81: Bergen | B81: 9 | C81: 22 | D81: 7.875 | E81: 0.25
... A89: Essex | B89: 1 | C89: 22 | D89: 0.875 | E89: 0.25
A91: Cape May | B91: 21 | C91: 22 | D91: =B91-E91/2 -> 20.875 | E91: 0.25 | F91: 8.1
A92: Cumberland | B92: 20 | C92: 22 | D92: =B92-E92/2 -> 19.875 | E92: 0.25
A93: Atlantic | B93: 19 | C93: 22 | D93: =B93-E93/2 -> 18.875 | E93: 0.25
A94: Salem | B94: 18 | C94: 22 | D94: =B94-E94/2 -> 17.875 | E94: 0.25
A95: Passaic | B95: 17 | C95: 22 | D95: =B95-E95/2 -> 16.875 | E95: 0.25
A96: Mercer | B96: 16 | C96: 22 | D96: =B96-E96/2 -> 15.875 | E96: 0.25
A97: Camden | B97: 15 | C97: 22 | D97: =B97-E97/2 -> 14.875 | E97: 0.25
A98: Gloucester | B98: 14 | C98: 22 | D98: =B98-E98/2 -> 13.875 | E98: 0.25
A99: Burlington | B99: 13 | C99: 22 | D99: =B99-E99/2 -> 12.875 | E99: 0.25
A100: Morris | B100: 12 | C100: 22 | D100: =B100-E100/2 -> 11.875 | E100: 0.25
A101: Union | B101: 11 | C101: 22 | D101: =B101-E101/2 -> 10.875 | E101: 0.25
A102: Somerset | B102: 10 | C102: 22 | D102: =B102-E102/2 -> 9.875 | E102: 0.25
A103: Ocean | B103: 9 | C103: 22 | D103: =B103-E103/2 -> 8.875 | E103: 0.25
... A111: Sussex | B111: 1 | C111: 22 | D111: =B111-E111/2 -> 0.875 | E111: 0.25
A113: Hudson | B113: 21 | C113: 22 | D113: 20.875 | E113: 0.25 | F113: 8.4
A114: Essex | B114: 20 | C114: 22 | D114: 19.875 | E114: 0.25
A115: Bergen | B115: 19 | C115: 22 | D115: 18.875 | E115: 0.25
A116: Union | B116: 18 | C116: 22 | D116: 17.875 | E116: 0.25
A117: Passaic | B117: 17 | C117: 22 | D117: 16.875 | E117: 0.25
A118: Mercer | B118: 16 | C118: 22 | D118: 15.875 | E118: 0.25
A119: Middlesex | B119: 15 | C119: 22 | D119: 14.875 | E119: 0.25
A120: Somerset | B120: 14 | C120: 22 | D120: 13.875 | E120: 0.25
A121: Ocean | B121: 13 | C121: 22 | D121: 12.875 | E121: 0.25
A122: Morris | B122: 12 | C122: 22 | D122: 11.875 | E122: 0.25
A123: Monmouth | B123: 11 | C123: 22 | D123: 10.875 | E123: 0.25
A124: Camden | B124: 10 | C124: 22 | D124: 9.875 | E124: 0.25
A125: Burlington | B125: 9 | C125: 22 | D125: 8.875 | E125: 0.25
... A133: Cumberland | B133: 1 | C133: 22 | D133: 0.875 | E133: 0.25
A135: Sussex | B135: 21 | C135: 22 | D135: 20.875 | E135: 0.25 | F135: 9.1
A136: Hunterdon | B136: 20 | C136: 22 | D136: 19.875 | E136: 0.25
A137: Warren | B137: 19 | C137: 22 | D137: 18.875 | E137: 0.25
A138: Cape May | B138: 18 | C138: 22 | D138: 17.875 | E138: 0.25
A139: Salem | B139: 17 | C139: 22 | D139: 16.875 | E139: 0.25
A140: Camden | B140: 16 | C140: 22 | D140: 15.875 | E140: 0.25
A141: Cumberland | B141: 15 | C141: 22 | D141: 14.875 | E141: 0.25
A142: Ocean | B142: 14 | C142: 22 | D142: 13.875 | E142: 0.25
A143: Burlington | B143: 13 | C143: 22 | D143: 12.875 | E143: 0.25
A144: Atlantic | B144: 12 | C144: 22 | D144: 11.875 | E144: 0.25
A145: Bergen | B145: 11 | C145: 22 | D145: 10.875 | E145: 0.25
A146: Monmouth | B146: 10 | C146: 22 | D146: 9.875 | E146: 0.25
A147: Morris | B147: 9 | C147: 22 | D147: 8.875 | E147: 0.25
... A155: Passaic | B155: 1 | C155: 22 | D155: 0.875 | E155: 0.25
...

Sheet 1. Demographics
A1: 1.1. NJ counties race/ethnicity (percentage), 2019
C4: White | D4: Error | E4: Black/ African American | F4: Error | G4: American Indian/ Alaska Native | H4: Error | I4: Asian | J4: Error | K4: Native Hawaiian/ Other PI | L4: Error | M4: Other | N4: Error | O4: Hispanic/ Latino | P4: Error
B5: Atlantic | C5: 0.668 | D5: 2.2 | E5: 0.164 | F5: 0.5 | G5: 0.011 | H5: 0.5 | I5: 0.09 | J5: 0.3 | K5: ** | L5: ** | M5: 0.105 | N5: 1.9 | O5: 0.194 | P5: *****
B6: Bergen | C6: 0.743 | D6: 0.7 | E6: 0.07 | F6: 0.4 | G6: 0.004 | H6: 0.1 | I6: 0.18 | J6: 0.2 | K6: 0.002 | L6: 0.1 | M6: 0.034 | N6: 0.7 | O6: 0.21 | P6: *****
B7: Burlington | C7: 0.749 | D7: 0.9 | E7: 0.197 | F7: 0.4 | G7: 0.008 | H7: 0.4 | I7: 0.064 | J7: 0.3 | K7: 0.002 | L7: 0.1 | M7: 0.025 | N7: 0.6 | O7: 0.085 | P7: *****
B8: Camden | C8: 0.657 | D8: 1.2 | E8: 0.213 | F8: 0.6 | G8: 0.005 | H8: 0.1 | I8: 0.066 | J8: 0.2 | K8: 0.001 | L8: 0.1 | M8: 0.09 | N8: 1.2 | O8: 0.176 | P8: *****
B9: Cape May | C9: 0.935 | D9: 1.7 | E9: 0.054 | F9: 1.2 | G9: ** | H9: ** | I9: 0.011 | J9: 0.7 | K9: ** | L9: ** | M9: 0.015 | N9: 1.1 | O9: 0.081 | P9: *****
B10: Cumberland | C10: 0.688 | D10: 2.9 | E10: 0.237 | F10: 1.6 | G10: 0.022 | H10: 0.9 | I10: 0.026 | J10: 0.9 | K10: 0.001 | L10: 0.1 | M10: 0.082 | N10: 2.5 | O10: 0.318 | P10: *****
B11: Essex | C11: 0.466 | D11: 1.1 | E11: 0.419 | F11: 0.6 | G11: 0.006 | H11: 0.2 | I11: 0.065 | J11: 0.2 | K11: 0.001 | L11: 0.1 | M11: 0.078 | N11: 1.1 | O11: 0.238 | P11: *****
B12: Gloucester | C12: 0.833 | D12: 0.9 | E12: 0.128 | F12: 0.4 | G12: 0.005 | H12: 0.3 | I12: 0.039 | J12: 0.3 | K12: ** | L12: ** | M12: 0.028 | N12: 0.7 | O12: 0.067 | P12: *****
B13: Hudson | C13: 0.595 | D13: 1.4 | E13: 0.149 | F13: 0.7 | G13: 0.014 | H13: 0.6 | I13: 0.171 | J13: 0.3 | K13: 0.001 | L13: 0.1 | M13: 0.116 | N13: 1.3 | O13: 0.427 | P13: *****
B14: Hunterdon | C14: 0.909 | D14: 1.5 | E14: 0.028 | F14: 0.1 | G14: 0.005 | H14: 0.4 | I14: 0.052 | J14: 0.4 | K14: ** | L14: ** | M14: 0.021 | N14: 1.5 | O14: 0.07 | P14: *****
B15: Mercer | C15: 0.616 | D15: 1.3 | E15: 0.215 | F15: 0.6 | G15: 0.006 | H15: 0.4 | I15: 0.127 | J15: 0.2 | K15: ** | L15: ** | M15: 0.06 | N15: 1.2 | O15: 0.185 | P15: *****
B16: Middlesex | C16: 0.577 | D16: 1 | E16: 0.119 | F16: 0.5 | G16: 0.008 | H16: 0.3 | I16: 0.256 | J16: 0.2 | K16: 0.002 | L16: 0.1 | M16: 0.077 | N16: 1.1 | O16: 0.221 | P16: *****
B17: Monmouth | C17: 0.844 | D17: 0.6 | E17: 0.083 | F17: 0.4 | G17: 0.004 | H17: 0.1 | I17: 0.062 | J17: 0.1 | K17: 0 | L17: 0.1 | M17: 0.029 | N17: 0.7 | O17: 0.111 | P17: *****
B18: Morris | C18: 0.833 | D18: 0.8 | E18: 0.042 | F18: 0.4 | G18: 0.005 | H18: 0.4 | I18: 0.12 | J18: 0.2 | K18: 0.001 | L18: 0.1 | M18: 0.021 | N18: 0.8 | O18: 0.139 | P18: *****
B19: Ocean | C19: 0.933 | D19: 0.7 | E19: 0.04 | F19: 0.2 | G19: 0.003 | H19: 0.2 | I19: 0.023 | J19: 0.1 | K19: 0.001 | L19: 0.1 | M19: 0.021 | N19: 0.7 | O19: 0.095 | P19: *****
B20: Passaic | C20: 0.684 | D20: 1.4 | E20: 0.123 | F20: 0.4 | G20: 0.004 | H20: 0.2 | I20: 0.061 | J20: 0.2 | K20: 0.002 | L20: 0.1 | M20: 0.15 | N20: 1.4 | O20: 0.429 | P20: *****
B21: Salem | C21: 0.826 | D21: 2 | E21: 0.158 | F21: 1.1 | G21: 0.009 | H21: 0.6 | I21: 0.017 | J21: 0.6 | K21: ** | L21: ** | M21: 0.026 | N21: 1.5 | O21: 0.098 | P21: *****
B22: Somerset | C22: 0.628 | D22: 1.6 | E22: 0.108 | F22: 0.7 | G22: 0.008 | H22: 0.4 | I22: 0.196 | J22: 0.3 | K22: ** | L22: ** | M22: 0.085 | N22: 1.8 | O22: 0.152 | P22: *****
B23: Sussex | C23: 0.951 | D23: 0.7 | E23: 0.031 | F23: 0.4 | G23: 0.002 | H23: 0.2 | I23: 0.029 | J23: 0.1 | K23: ** | L23: ** | M23: 0.009 | N23: 0.5 | O23: 0.092 | P23: *****
B24: Union | C24: 0.524 | D24: 1.5 | E24: 0.23 | F24: 0.6 | G24: 0.005 | H24: 0.2 | I24: 0.065 | J24: 0.3 | K24: ** | L24: ** | M24: 0.21 | N24: 1.6 | O24: 0.328 | P24: *****
B25: Warren | C25: 0.903 | D25: 1.2 | E25: 0.061 | F25: 0.7 | G25: ** | H25: ** | I25: 0.035 | J25: 0.6 | K25: ** | L25: ** | M25: 0.031 | N25: 1.5 | O25: 0.102 | P25: *****
B26: New Jersey | C26: 0.695 | D26: 0.3 | E26: 0.151 | F26: 0.1 | G26: 0.006 | H26: 0.1 | I26: 0.107 | J26: 0.1 | K26: 0.001 | L26: 0.1 | M26: 0.071 | N26: 0.3 | O26: 0.209 | P26: *****
B27: Burlington | C27: 0.749 | D27: 0.9 | E27: 0.197 | F27: 0.4 | G27: 0.008 | H27: 0.4 | I27: 0.064 | J27: 0.3 | K27: 0.002 | L27: 0.1 | M27: 0.025 | N27: 0.6 | O27: 0.085 | P27: *****
A28: Source: American Community Survey (US Census), 2019 data. Demographic and Housing Estimates, 1-yr. Selected NJ and County. DP05. **** the estimate is controlled. A statistical test for sampling variability is not appropriate.
A29: Info: Race alone or in combination of 1+ races
A31: 1.2 Racial/ ethnic demographics (%) over time, in county
C34: White | D34: Error | E34: Black/ African American | F34: Error | G34: American Indian/ Alaska Native | H34: Error | I34: Asian | J34: Error | K34: Native Hawaiian/ Other PI | L34: Error | M34: Other | N34: Error | O34: Hispanic/ Latino | P34: Error
B35: 2015 | C35: 0.754 | D35: 0.8 | E35: 0.19 | F35: 0.4 | G35: 0.012 | H35: 0.3 | I35: 0.063 | J35: 0.2 | K35: 0.002 | L35: 0.1 | M35: 0.027 | N35: 0.6 | O35: 0.078 | P35: **
B36: 2016 | C36: 0.751 | D36: 0.7 | E36: 0.191 | F36: 0.4 | G36: 0.014 | H36: 0.4 | I36: 0.062 | J36: 0.2 | K36: 0.001 | L36: 0.1 | M36: 0.028 | N36: 0.6 | O36: 0.079 | P36: **
B37: 2017 | C37: 0.752 | D37: 0.9 | E37: 0.195 | F37: 0.5 | G37: 0.01 | H37: 0.3 | I37: 0.065 | J37: 0.2 | K37: 0.002 | L37: 0.1 | M37: 0.018 | N37: 0.4 | O37: 0.081 | P37: **
B38: 2018 | C38: 0.746 | D38: 1 | E38: 0.192 | F38: 0.3 | G38: 0.006 | H38: 0.2 | I38: 0.065 | J38: 0.3 | K38: ** | L38: ** | M38: 0.032 | N38: 0.8 | O38: 0.083 | P38: **
B39: 2019 | C39: 0.749 | D39: 0.9 | E39: 0.197 | F39: 0.4 | G39: 0.008 | H39: 0.4 | I39: 0.064 | J39: 0.3 | K39: 0.002 | L39: 0.1 | M39: 0.025 | N39: 0.6 | O39: 0.085 | P39: **
A41: Source: American Community Survey (US Census), 2015-2019 data. Demographic and Housing Estimates, 1-yr. Selected NJ and County. **** the estimate is controlled. A statistical test for sampling variability is not appropriate. DP05
A42: Info: Race alone or in combination of 1+ races
A44: 1.3. Burlington county municipalities race/ethnicity (percentage), 2019
C46: White | D46: Error | E46: Black/ African American | F46: Error | G46: American Indian/ Alaska Native | H46: Error | I46: Asian | J46: Error | K46: Native Hawaiian/ Other PI | L46: Error | M46: Other | N46: Error | O46: Hispanic/ Latino | P46: Error
A47: High | B47: Medford Township | C47: 0.989 | D47: 1.1 | E47: 0.005 | F47: 0.5 | G47: 0.005 | H47: 0.7 | I47: 0.006 | J47: 0.9 | K47: 0 | L47: 0.9 | M47: 0 | N47: 0.9 | O47: 0.034 | P47: 2.2
A48: Middle | B48: Florence | C48: 0.805 | D48: 2.7 | E48: 0.153 | F48: 2.7 | G48: 0.017 | H48: 1.2 | I48: 0.071 | J48: 1.3 | K48: 0.004 | L48: 0.5 | M48: 0.023 | N48: 1.9 | O48: 0.081 | P48: 3.2
A49: Low | B49: Willingboro | C49: 0.242 | D49: 2.6 | E49: 0.751 | F49: 2.3 | G49: 0.015 | H49: 0.8 | I49: 0.025 | J49: 0.9 | K49: 0.003 | L49: 0.2 | M49: 0.029 | N49: 0.9 | O49: 0.115 | P49: 1.6
B50: Medford Township | C50: 0.989 | D50: 1.1 | E50: 0.005 | F50: 0.5 | G50: 0.005 | H50: 0.7 | I50: 0.006 | J50: 0.9 | K50: 0 | L50: 0.9 | M50: 0 | N50: 0.9 | O50: 0.034 | P50: 2.2
B51: Bass River | C51: 0.983 | D51: 1.6 | E51: 0.004 | F51: 0.5 | G51: 0.058 | H51: 7.4 | I51: 0.051 | J51: 7.3 | K51: 0 | L51: 2.6 | M51: 0.005 | N51: 0.6 | O51: 0.065 | P51: 7.4
B52: Tabernacle | C52: 0.983 | D52: 1.4 | E52: 0.013 | F52: 1.3 | G52: 0.015 | H52: 1.5 | I52: 0.011 | J52: 1.2 | K52: 0 | L52: 0.5 | M52: 0 | N52: 0.1 | O52: 0.006 | P52: 0.9
B53: Southampton | C53: 0.954 | D53: 1.9 | E53: 0.039 | F53: 1.9 | G53: 0.007 | H53: 0.8 | I53: 0.005 | J53: 0.5 | K53: 0 | L53: 0.3 | M53: 0.015 | N53: 1.2 | O53: 0.049 | P53: 2.6
B54: Medford Lakes | C54: 0.951 | D54: 1.6 | E54: 0.015 | F54: 0.9 | G54: 0.004 | H54: 0.3 | I54: 0.044 | J54: 1.7 | K54: 0.001 | L54: 0.1 | M54: 0.009 | N54: 0.6 | O54: 0.029 | P54: 1.1
B55: Riverton | C55: 0.949 | D55: 2.5 | E55: 0.06 | F55: 3 | G55: 0.011 | H55: 1.6 | I55: 0.014 | J55: 1.3 | K55: 0 | L55: 1.3 | M55: 0.008 | N55: 0.8 | O55: 0.036 | P55: 1.9
B56: Shamong | C56: 0.943 | D56: 4.5 | E56: 0.026 | F56: 2.5 | G56: 0.005 | H56: 0.7 | I56: 0.029 | J56: 2.7 | K56: 0.036 | L56: 4.1 | M56: 0.008 | N56: 1.1 | O56: 0.028 | P56: 2.3
B57: Woodland Township | C57: 0.936 | D57: 4 | E57: 0.072 | F57: 5.1 | G57: 0.013 | H57: 1.5 | I57: 0.009 | J57: 0.8 | K57: 0 | L57: 2 | M57: 0.025 | N57: 2.2 | O57: 0.067 | P57: 3.1
B58: Springfield | C58: 0.933 | D58: 4.1 | E58: 0.065 | F58: 5.7 | G58: 0 | H58: 1.1 | I58: 0.012 | J58: 0.8 | K58: 0 | L58: 1.1 | M58: 0.01 | N58: 1.2 | O58: 0.052 | P58: 2.7
B59: Washington Township | C59: 0.925 | D59: 5.9 | E59: 0 | F59: 4.4 | G59: 0.001 | H59: 0.4 | I59: 0.004 | J59: 0.6 | K59: 0 | L59: 4.4 | M59: 0.071 | N59: 6 | O59: 0.101 | P59: 6.5
B60: Hainesport | C60: 0.922 | D60: 4.3 | E60: 0.044 | F60: 3.1 | G60: 0.023 | H60: 2.2 | I60: 0.043 | J60: 1.6 | K60: 0 | L60: 0.6 | M60: 0 | N60: 0.6 | O60: 0.04 | P60: 2.2
B61: Cinnaminson | C61: 0.921 | D61: 1.6 | E61: 0.059 | F61: 1.6 | G61: 0.002 | H61: 0.2 | I61: 0.021 | J61: 0.9 | K61: 0.001 | L61: 0.1 | M61: 0.014 | N61: 0.6 | O61: 0.05 | P61: 1.4
... B89: Willingboro | C89: 0.242 | D89: 2.6 | E89: 0.751 | F89: 2.3 | G89: 0.015 | H89: 0.8 | I89: 0.025 | J89: 0.9 | K89: 0.003 | L89: 0.2 | M89: 0.029 | N89: 0.9 | O89: 0.115 | P89: 1.6
A121: Source: American Community Survey (US Census), 2019 data. Demographic and Housing Estimates, 5-yr. Selected NJ and County. DP05
A122: Info: Race alone or in combination of 1+ races
A124: 1.4. Population (%) foreign-born in NJ (by county)
C126: % Foreign Born | D126: Error | E126: County | F126: NJ avg. 23%
B127: Salem | C127: 0.026 | D127: 0.8 | F127: 0.23
B128: Cape May | C128: 0.048 | D128: 1.5 | F128: 0.23
B129: Gloucester | C129: 0.05 | D129: 0.6 | F129: 0.23
B130: Ocean | C130: 0.075 | D130: 0.7 | F130: 0.23
B131: Sussex | C131: 0.079 | D131: 1.2 | F131: 0.23
B132: Warren | C132: 0.093 | D132: 1.5 | F132: 0.23
B133: Burlington | D133: 0.8 | E133: 0.102 | F133: 0.23
B134: Camden | C134: 0.106 | D134: 0.9 | F134: 0.23
B135: Cumberland | C135: 0.117 | D135: 2.8 | F135: 0.23
B136: Hunterdon | C136: 0.122 | D136: 1.6 | F136: 0.23
B137: Monmouth | C137: 0.137 | D137: 0.9 | F137: 0.23
B138: Atlantic | C138: 0.163 | D138: 1.4 | F138: 0.23
B139: Morris | C139: 0.206 | D139: 1 | F139: 0.23
B140: Mercer | C140: 0.242 | D140: 1.7 | F140: 0.23
B141: Somerset | C141: 0.261 | D141: 1.4 | F141: 0.23
B142: Essex | C142: 0.29 | D142: 1.2 | F142: 0.23
B143: Bergen | C143: 0.315 | D143: 1 | F143: 0.23
B144: Union | C144: 0.32 | D144: 1.3 | F144: 0.23
B145: Middlesex | C145: 0.336 | D145: 1.1 | F145: 0.23
... B147: Hudson | C147: 0.446 | D147: 1.4 | F147: 0.23
B148: New Jersey | C148: 0.234 | D148: 0.3
B149: United States | C149: 0.137 | D149: 0.1
A151: Source: Selected social characteristics in the US. American Community Survey 1-yr estimates. 2019. DP02.
A153: 1.5 Population (%) foreign born over time, in county
C155: % Foreign Born | D155: Error
B156: 2015 | C156: 0.092 | D156: 0.8
B157: 2016 | C157: 0.098 | D157: 0.8
B158: 2017 | C158: 0.108 | D158: 0.9
B159: 2018 | C159: 0.102 | D159: 0.9
B160: 2019 | C160: 0.102 | D160: 0.8
A162: Source: Selected social characteristics in the US. American Community Survey 1-yr estimates. 2015-2019. DP02
A165: 1.6. Population (%) foreign-born by municipality
C167: % Foreign Born | D167: Error | E167: Burlington Avg. 9.7%
B168: Wrightstown borough | C168: 0.243 | D168: 9.6 | E168: 0.097
B169: Burlington township | C169: 0.15 | D169: 2.2 | E169: 0.097
B170: Riverside township | C170: 0.145 | D170: 3.4 | E170: 0.097
B171: Bordentown township | C171: 0.144 | D171: 3 | E171: 0.097
B172: Willingboro township | C172: 0.142 | D172: 1.9 | E172: 0.097
B173: Mansfield township | C173: 0.136 | D173: 3.4 | E173: 0.097
B174: Chesterfield township | C174: 0.131 | D174: 2.3 | E174: 0.097
B175: Mount Laurel township | C175: 0.124 | D175: 1.1 | E175: 0.097
B176: New Hanover township | C176: 0.124 | D176: 2.6 | E176: 0.097
...

Sheet 2. Poverty
A1: 2.1. NJ county poverty rate of families with children <18 (in the past 12 months), 2019
C3: Poverty Rate | D3: Error | E3: County | F3: US 14% | G3: NJ 10%
B4: Hunterdon | C4: 0.013 | D4: 1.7 | F4: 0.14 | G4: 0.1
B5: Somerset | C5: 0.042 | D5: 2.2 | F5: 0.14 | G5: 0.1
B6: Bergen | C6: 0.049 | D6: 1.2 | F6: 0.14 | G6: 0.1
B7: Monmouth | C7: 0.05 | D7: 1.3 | F7: 0.14 | G7: 0.1
B8: Morris | C8: 0.053 | D8: 1.7 | F8: 0.14 | G8: 0.1
B9: Burlington | D9: 2.2 | E9: 0.06 | F9: 0.14 | G9: 0.1
B10: Sussex | C10: 0.062 | D10: 3.3 | F10: 0.14 | G10: 0.1
B11: Gloucester | C11: 0.063 | D11: 2.4 | F11: 0.14 | G11: 0.1
B12: Warren | C12: 0.071 | D12: 4.3 | F12: 0.14 | G12: 0.1
B13: Middlesex | C13: 0.087 | D13: 1.8 | F13: 0.14 | G13: 0.1
B14: Union | C14: 0.093 | D14: 2.2 | F14: 0.14 | G14: 0.1
B15: Ocean | C15: 0.099 | D15: 2.5 | F15: 0.14 | G15: 0.1
B16: Mercer | C16: 0.111 | D16: 2.5 | F16: 0.14 | G16: 0.1
B17: Cape May | C17: 0.116 | D17: 7.2 | F17: 0.14 | G17: 0.1
B18: Camden | C18: 0.119 | D18: 2.6 | F18: 0.14 | G18: 0.1
B19: Atlantic | C19: 0.134 | D19: 3.8 | F19: 0.14 | G19: 0.1
B20: Cumberland | C20: 0.134 | D20: 4.1 | F20: 0.14 | G20: 0.1
B21: Hudson | C21: 0.151 | D21: 2.3 | F21: 0.14 | G21: 0.1
... B26: United States | C26: 0.138 | D26: 0.1 | F26: 0.14 | G26: 0.1
A28: Source: Selected economic characteristics. American Community Survey 1-yr estimates. 2019.
A29: Info: Includes families where the child (<18) is related to the householder.
A31: 2.2 Families (%) with children under the age of 18 living in poverty over time, in county
C33: Poverty Rate | D33: Error
B34: 2015 | C34: 0.095 | D34: 2.1
B35: 2016 | C35: 0.057 | D35: 1.7
B36: 2017 | C36: 0.067 | D36: 1.5
B37: 2018 | C37: 0.062 | D37: 2
B38: 2019 | C38: 0.06 | D38: 2.2
A40: Source: Selected economic characteristics. American Community Survey 1-yr estimates. 2015-2019.
A41: Info: Includes families where the child (<18) is related to the householder.
A43: 2.3. Burlington county municipality poverty rate of families with children < 18 (in the past 12 months), 2019
C45: Poverty Rate | D45: Error | E45: Burlington County Avg. 6.6%
B46: Bass River | C46: 0.357 | D46: 20.8 | E46: 0.066
B47: Beverly City | C47: 0.275 | D47: 11.7 | E47: 0.066
B48: Pemberton Borough | C48: 0.219 | D48: 18.7 | E48: 0.066
B49: Burlington City | C49: 0.193 | D49: 6.4 | E49: 0.066
B50: Riverside | C50: 0.172 | D50: 7.9 | E50: 0.066
B51: Palmyra | C51: 0.163 | D51: 7.6 | E51: 0.066
B52: Maple Shade | C52: 0.126 | D52: 7.8 | E52: 0.066
B53: New Hanover | C53: 0.126 | D53: 7.3 | E53: 0.066
B54: Willingboro | C54: 0.118 | D54: 4 | E54: 0.066
B55: Pemberton Township | C55: 0.106 | D55: 3.6 | E55: 0.066
B56: Shamong | C56: 0.099 | D56: 9.8 | E56: 0.066
B57: Riverton | C57: 0.096 | D57: 6.6 | E57: 0.066
... B85: Woodland Township | C85: 0 | D85: 18.2 | E85: 0.066
A117: Source: Selected economic characteristics. American Community Survey 5-yr estimates. 2019.
A118: Info: Includes families where the child (<18) is related to the householder.

Sheet 3. Cost of Living
A1: 3.1. Monthly cost of living estimates ($) for NJ counties
C3: Housing | D3: Food | E3: Child Care | F3: Transportation | G3: Health Care | H3: Other Necessities | I3: Taxes | J3: Total | K3: Annual Total
B4: Atlantic | C4: 1312 | D4: 789 | E4: 1511 | F4: 1177 | G4: 1078 | H4: 848 | I4: 1049 | J4: 7763 | K4: 93158
B5: Bergen | C5: 1671 | D5: 870 | E5: 1699 | F5: 1059 | G5: 1125 | H5: 1025 | I5: 1304 | J5: 8754 | K5: 105042
B6: Burlington | C6: 1397 | D6: 749 | E6: 1527 | F6: 1249 | G6: 1078 | H6: 866 | I6: 1093 | J6: 7958 | K6: 95493
B7: Camden | C7: 1132 | D7: 789 | E7: 1386 | F7: 1192 | G7: 1078 | H7: 775 | I7: 941 | J7: 7292 | K7: 87509
B8: Cape May | C8: 1127 | D8: 939 | E8: 1437 | F8: 1223 | G8: 1078 | H8: 833 | I8: 1026 | J8: 7662 | K8: 91949
B9: Cumberland | C9: 1155 | D9: 701 | E9: 1427 | F9: 1222 | G9: 1125 | H9: 749 | I9: 948 | J9: 7327 | K9: 87920
B10: Essex | C10: 1228 | D10: 982 | E10: 1453 | F10: 936 | G10: 1125 | H10: 891 | I10: 1019 | J10: 7633 | K10: 91592
B11: Gloucester | C11: 1240 | D11: 731 | E11: 1444 | F11: 1321 | G11: 1078 | H11: 795 | I11: 1017 | J11: 7627 | K11: 91520
B12: Hudson | C12: 1614 | D12: 802 | E12: 1635 | F12: 653 | G12: 1125 | H12: 975 | I12: 1075 | J12: 7878 | K12: 94533
B13: Hunterdon | C13: 1634 | D13: 969 | E13: 1678 | F13: 1348 | G13: 1136 | H13: 1050 | I13: 1474 | J13: 9288 | K13: 111459
B14: Mercer | C14: 1329 | D14: 797 | E14: 1516 | F14: 1155 | G14: 1125 | H14: 858 | I14: 1068 | J14: 7848 | K14: 94171
B15: Middlesex | C15: 1598 | D15: 764 | E15: 1659 | F15: 1167 | G15: 1125 | H15: 953 | I15: 1229 | J15: 8494 | K15: 101927
... B25: Burlington | C25: 1397 | D25: 749 | E25: 1527 | F25: 1249 | G25: 1078 | H25: 866 | I25: 1093 | J25: 7958 | K25: 95493
A26: Source: https://www.epi.org/resources/budget/
A27: Info: Calculation of median family income here does not align with American Community Survey 5-yr estimates. Estimates are for a two-parent, two-child family. Data is as of March 2018. Budgets are in 2017 dollars. Some numbers may not sum due to rounding.
A29: 3.2 Annual cost of living estimates ($) in NJ (by county)
B31: County | C31: Annual Total Cost of Living | D31: County
A32: lowest | B32: Camden | C32: 87509
B33: Cumberland | C33: 87920
B34: Gloucester | C34: 91520
B35: Essex | C35: 91592
B36: Cape May | C36: 91949
B37: Salem | C37: 92286
B38: Union | C38: 92937
B39: Atlantic | C39: 93158
B40: Mercer | C40: 94171
B41: Hudson | C41: 94533
B42: Warren | C42: 94960
B43: Burlington | D43: 95493
B44: Passaic | C44: 97494
B45: Monmouth | C45: 98043
B46: Sussex | C46: 100814
B47: Ocean | C47: 101370
B48: Middlesex | C48: 101927
B49: Morris | C49: 104121
B50: Bergen | C50: 105042
B51: Somerset | C51: 110247
A52: highest | B52: Hunterdon | C52: 111459
A54: Source: Economic Policy Institute

Sheet 4. Income
A1: 4.1. NJ counties median household income, 2019
C3: Median Household Income | D3: Error | E3: County | F3: NJ Median $85,751 | G3: US Median $65,712
B4: Cumberland | C4: 54587 | D4: 5572 | F4: 85751 | G4: 65712
B5: Atlantic | C5: 63389 | D5: 3294 | F5: 85751 | G5: 65712
B6: Essex | C6: 64626 | D6: 2713 | F6: 85751 | G6: 65712
B7: Salem | C7: 68531 | D7: 3073 | F7: 85751 | G7: 65712
B8: Cape May | C8: 69980 | D8: 7037 | F8: 85751 | G8: 65712
B9: Camden | C9: 73672 | D9: 2694 | F9: 85751 | G9: 65712
B10: Ocean | C10: 76093 | D10: 2971 | F10: 85751 | G10: 65712
B11: Passaic | C11: 77040 | D11: 2556 | F11: 85751 | G11: 65712
B12: Hudson | C12: 78808 | D12: 3056 | F12: 85751 | G12: 65712
B13: Mercer | C13: 79492 | D13: 5633 | F13: 85751 | G13: 65712
B14: Union | C14: 80339 | D14: 3814 | F14: 85751 | G14: 65712
B15: Warren | C15: 84479 | D15: 4078 | F15: 85751 | G15: 65712
B16: Burlington | D16: 3533 | E16: 88797 | F16: 85751 | G16: 65712
B17: Gloucester | C17: 89447 | D17: 5967 | F17: 85751 | G17: 65712
B18: Middlesex | C18: 93418 | D18: 3720 | F18: 85751 | G18: 65712
B19: Sussex | C19: 101130 | D19: 4090 | F19: 85751 | G19: 65712
B20: Monmouth | C20: 102870 | D20: 2944 | F20: 85751 | G20: 65712
B21: Bergen | C21: 108827 | D21: 3521 | F21: 85751 | G21: 65712
B22: Somerset | C22: 111587 | D22: 6959 | F22: 85751 | G22: 65712
B23: Hunterdon | C23: 116155 | D23: 9654 | F23: 85751 | G23: 65712
B24: Morris | C24: 116283 | D24: 4894 | F24: 85751 | G24: 65712
B25: United States | C25: 65712 | D25: 118 | F25: 85751 | G25: 65712
B26: New Jersey | C26: 85751 | D26: 760 | F26: 85751 | G26: 65712
A28: Source: American Community Survey (US Census), 2019 data. Income in the past 12 months (in 2019 inflation adjusted dollars), 1-year estimates
A29: Info: n/a
A31: 4.2 Median household income ($) over time, in county
C33: Median Household Income | D33: Error
B34: 2015 | C34: 74800 | D34: 3113
B35: 2016 | C35: 80254 | D35: 2473
B36: 2017 | C36: 87673 | D36: 3575
B37: 2018 | C37: 84889 | D37: 3734
B38: 2019 | C38: 88797 | D38: 3533
A40: Source: American Community Survey (US Census), 2015-2019 data. Income in the past 12 months (in 2019 inflation adjusted dollars), 1-year estimates
A41: Info: n/a
A43: 4.3. Burlington county municipalities median household income, 2019
C45: Median Household Income | D45: Error | E45: Burlington County median $87,416
B46: Wrightstown | C46: 46833 | D46: 10945 | E46: 87416
B47: Beverly City | C47: 50868 | D47: 9707 | E47: 87416
B48: Burlington City | C48: 57690 | D48: 5010 | E48: 87416
B49: Maple Shade | C49: 61335 | D49: 3606 | E49: 87416
B50: Riverside | C50: 61813 | D50: 4290 | E50: 87416
B51: Southampton | C51: 62757 | D51: 6033 | E51: 87416
B52: Pemberton Township | C52: 64444 | D52: 3650 | E52: 87416
B53: Pemberton Borough | C53: 66354 | D53: 11986 | E53: 87416
B54: Washington Township | C54: 66985 | D54: 9282 | E54: 87416
B55: North Hanover | C55: 67477 | D55: 6307 | E55: 87416
B56: Edgewater Park | C56: 68095 | D56: 12747 | E56: 87416
B57: Mount Holly | C57: 72236 | D57: 3957 | E57: 87416
... B85: Moorestown | C85: 148060 | D85: 10589 | E85: 87416
A117: Source: American Community Survey (US Census), 2019 data. Income in the past 12 months (in 2019 inflation adjusted dollars), 5-year estimates
A118: Info: n/a

Sheet 5. Housing
A1: 5.1. Households (%) with severe cost burden for housing (by county)
C3: % Severe Housing Cost Burden | D3: Error | E3: County | F3: NJ avg 19%
B4: Hunterdon | C4: 0.13553594 | D4: 12-15% | F4: 0.19
B5: Morris | C5: 0.13853426 | D5: 13-15% | F5: 0.19
B6: Warren | C6: 0.13930187 | D6: 13-15% | F6: 0.19
B7: Gloucester | C7: 0.14153446 | D7: 13-15% | F7: 0.19
B8: Sussex | C8: 0.14162754 | D8: 13-15% | F8: 0.19
B9: Burlington | D9: 14-15% | E9: 0.14280635 | F9: 0.19
B10: Somerset | C10: 0.14720072 | D10: 14-16% | F10: 0.19
B11: Salem | C11: 0.16485345 | D11: 15-18% | F11: 0.19
B12: Middlesex | C12: 0.1705693 | D12: 16-18% | F12: 0.19
B13: Mercer | C13: 0.17180857 | D13: 16-18% | F13: 0.19
B14: Monmouth | C14: 0.18063477 | D14: 17-19% | F14: 0.19
B15: Ocean | C15: 0.18181075 | D15: 17-19% | F15: 0.19
B16: Camden | C16: 0.18308578 | D16: 17-19% | F16: 0.19
B17: Cape May | C17: 0.19370698 | D17: 18-21% | F17: 0.19
B18: Bergen | C18: 0.19535095 | D18: 19-20% | F18: 0.19
B19: Union | C19: 0.20591247 | D19: 20-21% | F19: 0.19
B20: Cumberland | C20: 0.20844871 | D20: 19-23% | F20: 0.19
B21: Atlantic | C21: 0.21206188 | D21: 20-22% | F21: 0.19
... B24: Passaic | C24: 0.25300676 | D24: 24-26% | F24: 0.19
B25: New Jersey | C25: 0.19
A28: Source: Source: American Community Survey (US Census), 2020 data. ; County Health Ranking & Roadmaps, A Robert Wood Johnson Foundation Program: https://www.countyhealthrankings.org/app/new-jersey/2020/measure/factors/154/data
A29: Info: Severe housing cost burden defined as percentage of households that spend 50% or more of their household income on housing per RWJ 2020 County Health Rankings which are based on 2014-2018 data. Error not available for the United States or New Jersey.
A31: 5.2 Households (%) with severe housing problems* over time, in county
C33: % Households with severe housing problems | D33: Error
B34: 2015 | C34: 0.16 | D34: 15-17%
B35: 2016 | C35: 0.16 | D35: 16-17%
B36: 2017 | C36: 0.16 | D36: 15-17%
B37: 2018 | C37: 0.16 | D37: 15-17%
B38: 2019 | C38: 0.16 | D38: 16-17%
B39: 2020 | C39: 0.16 | D39: 15-16%
A41: Source: Source: HUD, Comprehensive Housing Affordability Strategy (CHAS), 2007-2016 data. Severe housing problems.
A42: Info: Severe housing problems defined as percentage of households with at least 1 of 4 housing problems: overcrowding, high housing costs, lack of kitchen facilities, or lack of plumbing facilities per RWJ county health rankings from 2015-2020. The 2015, 2016, 2017, 2018, 2019, and 2020 County Health Ratings used data from 2007-2011, 2008-2012, 2009-2013, 2010-2014, 2011-2015, and 2012-2016 respectively.

Sheet 6. Food & Nutrition
A1: 6.1 Food Insecurity (%) across counties, 2018
C3: 2018 | D3: County | E3: US avg. 11.5% | F3: NJ avg. 8.7%
B4: Somerset | C4: 0.052 | E4: 0.115 | F4: 0.087
B5: Hunterdon | C5: 0.053 | E5: 0.115 | F5: 0.087
B6: Morris | C6: 0.053 | E6: 0.115 | F6: 0.087
B7: Sussex | C7: 0.064 | E7: 0.115 | F7: 0.087
B8: Bergen | C8: 0.065 | E8: 0.115 | F8: 0.087
B9: Monmouth | C9: 0.071 | E9: 0.115 | F9: 0.087
B10: Middlesex | C10: 0.073 | E10: 0.115 | F10: 0.087
B11: Burlington | D11: 0.075 | E11: 0.115 | F11: 0.087
B12: Gloucester | C12: 0.078 | E12: 0.115 | F12: 0.087
B13: Union | C13: 0.082 | E13: 0.115 | F13: 0.087
B14: Warren | C14: 0.082 | E14: 0.115 | F14: 0.087
B15: Mercer | C15: 0.089 | E15: 0.115 | F15: 0.087
B16: Ocean | C16: 0.089 | E16: 0.115 | F16: 0.087
B17: Camden | C17: 0.103 | E17: 0.115 | F17: 0.087
B18: Passaic | C18: 0.104 | E18: 0.115 | F18: 0.087
B19: Hudson | C19: 0.109 | E19: 0.115 | F19: 0.087
B20: Salem | C20: 0.113 | E20: 0.115 | F20: 0.087
B21: Atlantic | C21: 0.114 | E21: 0.115 | F21: 0.087
B22: Cape May | C22: 0.117 | E22: 0.115 | F22: 0.087
B23: Cumberland | C23: 0.126 | E23: 0.115 | F23: 0.087
B24: Essex | C24: 0.127 | E24: 0.115 | F24: 0.087
B25: United States | C25: 0.115
B26: New Jersey | C26: 0.087
A28: Source: https://map.feedingamerica.org/county/2018/overall/new-jersey/
A29: Info: For ALL persons. Original source U.S. Census Bureau Current Population Survey and the U.S. Department of Agriculture Economic Research Service, as presented in the Feeding America, Map the Meal Gap Report or https://map.feedingamerica.org/county/2018/overall/new-jersey/ To accurately estimate the number of people who may be food insecure in every U.S. county and congressional district, Map the Meal Gap uses publicly available state and local data from the U.S. Census Bureau and Bureau of Labor Statistics on factors that research has shown to contribute to food insecurity. These factors include unemployment and poverty, as well as other demographic and household characteristics. In addition to measuring how pervasive the need is, the study also estimates the cost of a meal, and the amount of need among people who are food insecure, using local data from Nielsen and national survey data from the Census Bureau. More information is available online in our technical brief. Food insecurity rates decreased for most counties from 2015-2017. Feeding American made two improvements to the model used to estimate local food insecurity. The estimates now account for disability status and reflect a refind definition of poverty. These changes both improve the accuracy of our estimates and align the model with the most up-to-date research on the key determinants of food insecurity. Due to this, data prior to 2018 won't be comparable to prior years.
A37: 6.2 Individuals (#) enrolled in WIC nutrition program, in county
B39: Location | C39: 2014 | D39: 2015 | E39: 2016 | F39: 2017 | G39: 2018
B40: New Jersey | C40: 180154 | D40: 178852 | E40: 171530 | F40: 163305 | G40: 155822
B41: Atlantic | C41: 5848 | D41: 5905 | E41: 5958 | F41: 5863 | G41: 5681
B42: Bergen | C42: 7764 | D42: 7767 | E42: 7336 | F42: 6840 | G42: 6543
B43: Burlington | C43: 5320 | D43: 5046 | E43: 4703 | F43: 4450 | G43: 4402
B44: Camden | C44: 12459 | D44: 12413 | E44: 11612 | F44: 11104 | G44: 10074
B45: Cape May | C45: 1856 | D45: 1685 | E45: 1513 | F45: 1445 | G45: 1344
B46: Cumberland | C46: 6270 | D46: 5978 | E46: 5270 | F46: 5287 | G46: 5062
B47: Essex | C47: 22564 | D47: 22248 | E47: 21825 | F47: 20792 | G47: 20844
B48: Gloucester | C48: 3901 | D48: 3739 | E48: 3445 | F48: 3274 | G48: 3171
B49: Hudson | C49: 22448 | D49: 22193 | E49: 21619 | F49: 20129 | G49: 18612
B50: Hunterdon | C50: 514 | D50: 526 | E50: 495 | F50: 439 | G50: 418
... B62: Burlington | C62: 5320 | D62: 5046 | E62: 4703 | F62: 4450 | G62: 4402
A63: Source: New Jersey Department of Health and Senior Services via Annie E Casey Kids Count
A64: Note: Note that total county population size has not been accounted for in this indicator.
A66: 6.3 Children (#) receiving free or reduced lunch, in county
C68: 2015-16 | D68: 2016-17 | E68: 2017-18 | F68: 2018-19 | G68: 2019-20
B69: New Jersey | C69: 402944 | D69: 401697 | E69: 399308 | F69: 392143 | G69: 395774
B70: Atlantic | C70: 20071 | D70: 19032 | E70: 19119 | F70: 18697 | G70: 18260
B71: Bergen | C71: 20155 | D71: 20008 | E71: 19439 | F71: 19081 | G71: 19113
B72: Burlington | C72: 14371 | D72: 13959 | E72: 13720 | F72: 13378 | G72: 13837
B73: Camden | C73: 32131 | D73: 31785 | E73: 31343 | F73: 31235 | G73: 31134
B74: Cape May | C74: 3579 | D74: 3627 | E74: 3555 | F74: 3500 | G74: 3461
B75: Cumberland | C75: 16263 | D75: 16370 | E75: 16449 | F75: 16442 | G75: 16346
B76: Essex | C76: 52039 | D76: 54502 | E76: 55440 | F76: 54869 | G76: 55059
B77: Gloucester | C77: 10076 | D77: 9891 | E77: 9161 | F77: 8992 | G77: 9169
B78: Hudson | C78: 41691 | D78: 41181 | E78: 40101 | F78: 39094 | G78: 38432
B79: Hunterdon | C79: 1266 | D79: 1210 | E79: 1250 | F79: 1195 | G79: 1267
B80: Mercer | C80: 17841 | D80: 17529 | E80: 17416 | F80: 16871 | G80: 17778
... B91: Burlington | C91: 14371 | D91: 13959 | E91: 13720 | F91: 13378 | G91: 13837
A92: Source: New Jersey Department of Agriculture via Annie E Casey Kids Count
A93: Info: Includes children attending traditional public schools and charter schools. Participation data for only traditional public and charter schools were not available prior to 2008-09, so prior comparisons are not applicable. Note that total county population size has not been accounted for in this indicator.
A95: 6.4 Children (#) receiving NJ SNAP supplemental nutritional assistance, in county
C97: 2016 | D97: 2017 | E97: 2018 | F97: 2019 | G97: 2020
B98: New Jersey | C98: 406259 | D98: 373920 | E98: 353883 | F98: 317566 | G98: 326357
B99: Atlantic | C99: 19273 | D99: 17975 | E99: 16963 | F99: 14779 | G99: 14557
B100: Bergen | C100: 14829 | D100: 13347 | E100: 11796 | F100: 10163 | G100: 10488
B101: Burlington | C101: 11324 | D101: 9921 | E101: 9276 | F101: 8177 | G101: 8524
B102: Camden | C102: 31826 | D102: 30484 | E102: 29612 | F102: 27068 | G102: 29299
B103: Cape May | C103: 3845 | D103: 3482 | E103: 3281 | F103: 2977 | G103: 3112
B104: Cumberland | C104: 14767 | D104: 13676 | E104: 13420 | F104: 12029 | G104: 12694
B105: Essex | C105: 62327 | D105: 55898 | E105: 54425 | F105: 49283 | G105: 47559
B106: Gloucester | C106: 8987 | D106: 8197 | E106: 7898 | F106: 7268 | G106: 7315
B107: Hudson | C107: 49140 | D107: 43904 | E107: 42258 | F107: 37456 | G107: 41546
B108: Hunterdon | C108: 1181 | D108: 1017 | E108: 963 | F108: 881 | G108: 954
B109: Mercer | C109: 15166 | D109: 14223 | E109: 14107 | F109: 12823 | G109: 14048
... B120: Burlington | C120: 11324 | D120: 9921 | E120: 9276 | F120: 8177 | G120: 8524
A121: Source: New Jersey Department of Human Services, Division of Family Development via Advocates for Children of New Jersey Data Dashboard
A122: Note: Note that total county population size has not been accounted for in this indicator.

Sheet 7. Child Care
A1: 7.1. Median monthly child care cost of center-based care by age of child​
H2: Lowest Median Cost in NJ | I2: Burlington | J2: Highest Median Cost in NJ
C3: Infant | D3: Toddler | E3: PreK | G3: Infant | H3: 700 | I3: 1216 | J3: 1420
B4: Cumberland | C4: 700 | D4: 700 | E4: 700 | G4: Toddler | H4: 700 | I4: 1120 | J4: 1443
B5: Salem | C5: 760 | D5: 740 | E5: 700 | G5: PreK | H5: 700 | I5: 860 | J5: 1025
B6: Hudson | C6: 825 | D6: 757.75 | E6: 725
B7: Cape May | C7: 840 | D7: 840 | E7: 800
B8: Essex | C8: 840 | D8: 757.75 | E8: 900
B9: Atlantic | C9: 863.48 | D9: 740 | E9: 720
B10: Ocean | C10: 900 | D10: 810 | E10: 723
B11: Passaic | C11: 900 | D11: 900 | E11: 760
B12: Sussex | C12: 956.25 | D12: 910 | E12: 800
B13: Somerset | C13: 1000 | D13: 970 | E13: 945
B14: Camden | C14: 1040 | D14: 909 | E14: 737
B15: Union | C15: 1050 | D15: 950 | E15: 820
B16: Gloucester | C16: 1081 | D16: 975 | E16: 834
B17: Middlesex | C17: 1125 | D17: 1020 | E17: 900
... B24: Hunterdon | C24: 1420 | D24: 1443 | E24: 835
B25: NJ Average | C25: =AVERAGE(C4:C24) -> 1043.8824 | D25: =AVERAGE(D4:D24) -> 952.21429 | E25: =AVERAGE(E4:E24) -> 833
B27: Lowest Median Cost in NJ | C27: 700 | D27: 700 | E27: 700
B28: Burlington | C28: 1216 | D28: 1120 | E28: 860
B29: Highest Median Cost in NJ | C29: 1420 | D29: 1443 | E29: 1025
A31: Source: https://expo.nj.com/news/g66l-2019/01/f350923ebe9277/the-cost-of-daycare-in-all-21-nj-counties-ranked-from-least-to-most-expensive.html
A32: Info: Data was collected in November 2017 by Rutgers University researchers on behalf of the New Jersey Department of Human Services and includes responses from more than 1,000 daycare centers. Free daycare programs, such as Head Start, are not included in the analysis. NJ Average calculated (using formulas) from individual county average estimates.
A36: 7.2. Median monthly child care cost of center-based care by age of child compared with median household income, by county
A39: Source: Data were collected in November 2017 by Rutgers University researchers on behalf of the New Jersey Department of Human Services and includes responses from more than 1,000 daycare centers. Free daycare programs, such as Head Start, are not included in the analysis. NJ Average calculated (using formulas) from individual county average estimates. https://expo.nj.com/news/g66l-2019/01/f350923ebe9277/the-cost-of-daycare-in-all-21-nj-counties-ranked-from-least-to-most-expensive.html. Note: While the child care cost estimates are from 2017, the median income estimates are from American Community Survey, Income in the past 12 months (in 2019 inflation adjusted dollars), 1-year estimates.
A40: Municipality data available?: No.
A41: Most recent data?: Yes, these data were collected once as a part of a specific project, so it is not possible to examine trends over time. However, it seems that they are the only publicly available data available that capture NJ childcare costs at the county level. _x000D_ _x000D_
B42: Infant County Copy | C42: Infant | D42: Toddler | E42: PreK | F42: PreK County Copy | G42: Median Household Income
A43: Cumberland | C43: 700 | D43: 700 | E43: 700 | G43: 54587
A44: Atlantic | C44: 863.48 | D44: 740 | E44: 720 | G44: 63389
A45: Essex | C45: 840 | D45: 757.75 | E45: 900 | G45: 64626
A46: Salem | C46: 760 | D46: 740 | E46: 700 | G46: 68531
A47: Cape May | C47: 840 | D47: 840 | E47: 800 | G47: 69980
A48: Camden | C48: 1040 | D48: 909 | E48: 737 | G48: 73672
A49: Ocean | C49: 900 | D49: 810 | E49: 723 | G49: 76093
A50: Passaic | C50: 900 | D50: 900 | E50: 760 | G50: 77040
A51: Hudson | C51: 825 | D51: 757.75 | E51: 725 | G51: 78808
A52: Mercer | C52: 1384 | D52: 1184 | E52: 1000 | G52: 79492
A53: Union | C53: 1050 | D53: 950 | E53: 820 | G53: 80339
A54: Warren | C54: 1125.8 | D54: 996 | E54: 775 | G54: 84479
A55: Burlington | B55: 1216 | C55: 1216 | D55: 1120 | E55: 860 | F55: 860 | G55: 88797
A56: Gloucester | C56: 1081 | D56: 975 | E56: 834 | G56: 89447
A57: Middlesex | C57: 1125 | D57: 1020 | E57: 900 | G57: 93418
A58: Sussex | C58: 956.25 | D58: 910 | E58: 800 | G58: 101130
A59: Monmouth | C59: 1250 | D59: 1020 | E59: 989 | G59: 102870
A60: Bergen | C60: 1270 | D60: 1100 | E60: 945 | G60: 108827
A61: Somerset | C61: 1000 | D61: 970 | E61: 945 | G61: 111587
A62: Hunterdon | C62: 1420 | D62: 1443 | E62: 835 | G62: 116115
A63: Morris | C63: 1375 | D63: 1154 | E63: 1025 | G63: 116283
A64: NJ Average | C64: 1044 | D64: 952 | E64: 833 | G64: 85751

Sheet 8. Transportation & Commute
A1: 8.1 Average commute (minutes) in NJ (by county)
C3: Time (min) | D3: Margin of Error | E3: Difference from NJ mean | F3: County | G3: US avg. 27.6 | H3: NJ avg. 33.1
B4: Sussex | C4: 37.9 | D4: 1.8 | E4: 4.8 | G4: 27.6 | H4: 33.1
B5: Warren | C5: 37.2 | D5: 2.4 | E5: 4.1 | G5: 27.6 | H5: 33.1
B6: Hudson | C6: 36.9 | D6: 0.8 | E6: 3.8 | G6: 27.6 | H6: 33.1
B7: Hunterdon | C7: 36.6 | D7: 2.2 | E7: 3.5 | G7: 27.6 | H7: 33.1
B8: Monmouth | C8: 36.2 | D8: 1 | E8: 3.1 | G8: 27.6 | H8: 33.1
B9: Essex | C9: 36.1 | D9: 0.9 | E9: 3 | G9: 27.6 | H9: 33.1
B10: Middlesex | C10: 34.9 | D10: 0.8 | E10: 1.8 | G10: 27.6 | H10: 33.1
B11: Bergen | C11: 34.2 | D11: 0.7 | E11: 1.1 | G11: 27.6 | H11: 33.1
B12: Ocean | C12: 33.7 | D12: 1.1 | E12: 0.6 | G12: 27.6 | H12: 33.1
B13: Somerset | C13: 32.9 | D13: 1.1 | E13: -0.2 | G13: 27.6 | H13: 33.1
B14: Union | C14: 32.4 | D14: 0.9 | E14: -0.7 | G14: 27.6 | H14: 33.1
B15: Morris | C15: 32.2 | D15: 0.9 | E15: -0.9 | G15: 27.6 | H15: 33.1
B16: Burlington | D16: 0.8 | E16: -2.6 | F16: 30.5 | G16: 27.6 | H16: 33.1
B17: Gloucester | C17: 30.5 | D17: 0.9 | E17: -2.6 | G17: 27.6 | H17: 33.1
B18: Camden | C18: 29.7 | D18: 0.9 | E18: -3.4 | G18: 27.6 | H18: 33.1
B19: Mercer | C19: 29.6 | D19: 1.5 | E19: -3.5 | G19: 27.6 | H19: 33.1
B20: Passaic | C20: 29.3 | D20: 0.9 | E20: -3.8 | G20: 27.6 | H20: 33.1
B21: Salem | C21: 27.8 | D21: 2 | E21: -5.3 | G21: 27.6 | H21: 33.1
B22: Atlantic | C22: 26.1 | D22: 1.4 | E22: -7 | G22: 27.6 | H22: 33.1
B23: Cumberland | C23: 24.7 | D23: 1.5 | E23: -8.4 | G23: 27.6 | H23: 33.1
B24: Cape May | C24: 24.1 | D24: 2.7 | E24: -9 | G24: 27.6 | H24: 33.1
A25: Mean > | B25: New Jersey | C25: 33.1 | D25: 0.2 | E25: 0 | G25: 27.6 | H25: 33.1
B26: United States | C26: 27.6 | D26: 0.1 | E26: -5.5 | G26: 27.6 | H26: 33.1
A28: Source:American Community Survey. Commuting characteristics by sex. 2019 American Community Survey 1-Year Estimates. S0801.
A29: Info: Calculated difference from mean using formulas
A31: 8.2 Average commute (minutes) over time, in county
C33: Time (min) | D33: Margin of Error
B34: 2015 | C34: 28.6 | D34: 0.8
B35: 2016 | C35: 29.4 | D35: 1
B36: 2017 | C36: 30.2 | D36: 0.8
B37: 2018 | C37: 30.2 | D37: 0.8
B38: 2019 | C38: 30.5 | D38: 0.8
A40: Source:American Community Survey. Commuting characteristics by sex. 2015-2019 American Community Survey 1-Year Estimates. S0801.
A41: Info: n/a
A43: 8.3 Average commute (minutes) by municipality
C45: Time (min) | D45: Margin of Error | E45: Difference from mean | F45: Burlington avg 30
B46: Chesterfield | C46: 41.7 | D46: 3.4 | E46: =C46-F46 -> 11.7 | F46: 30
B47: Shamong | C47: 36.2 | D47: 3.5 | E47: =C47-F47 -> 6.2 | F47: 30
B48: Mansfield | C48: 35.7 | D48: 3.9 | E48: =C48-F48 -> 5.7 | F48: 30
B49: Tabernacle | C49: 34.3 | D49: 3.2 | E49: =C49-F49 -> 4.3 | F49: 30
B50: Riverton | C50: 34.2 | D50: 3.7 | E50: =C50-F50 -> 4.2 | F50: 30
B51: Burlington Township | C51: 33.5 | D51: 2.1 | E51: =C51-F51 -> 3.5 | F51: 30
B52: Willingboro | C52: 33.5 | D52: 1.9 | E52: =C52-F52 -> 3.5 | F52: 30
B53: Medford Township | C53: 33 | D53: 1.3 | E53: =C53-F53 -> 3 | F53: 30
B54: Westampton | C54: 32.8 | D54: 3.6 | E54: =C54-F54 -> 2.8 | F54: 30
B55: Medford Lakes | C55: 32.6 | D55: 3.5 | E55: =C55-F55 -> 2.6 | F55: 30
B56: Woodland Township | C56: 32.5 | D56: 4.3 | E56: =C56-F56 -> 2.5 | F56: 30
B57: Delanco | C57: 32.3 | D57: 3.6 | E57: =C57-F57 -> 2.3 | F57: 30
... B85: New Hanover | C85: 14.5 | D85: 4.1 | E85: =C85-F85 -> -15.5 | F85: 30
A117: Source: American Community Survey. Commuting characteristics by sex. 2019 American Community Survey 5-Year Estimates. S0801.
A118: Info: Calculated difference from mean using formulas
A120: 8.4. Cost of transportation as a % of income in NJ counties, 2017
C122: % of income allotted to transportation | D122: Income | E122: Commuters | F122: Household size (# people) | G122: County
B123: Cumberland | C123: 0.27 | D123: $ 49,984 | E123: 1.1 | F123: 2.86
B124: Atlantic | C124: 0.24 | D124: $ 54,461 | E124: 1.17 | F124: 2.64
B125: Salem | C125: 0.24 | D125: $ 62,513 | E125: 1.17 | F125: 2.63
B126: Gloucester | C126: 0.23 | D126: $ 62,513 | E126: 1.17 | F126: 2.63
B127: Hunterdon | C127: 0.23 | D127: $ 67,296 | E127: 1.23 | F127: 2.75
B128: Sussex | C128: 0.23 | D128: $ 67,296 | E128: 1.23 | F128: 2.75
B129: Warren | C129: 0.23 | D129: $ 58,699 | E129: 1.16 | F129: 2.56
B130: Cape May | C130: 0.22 | D130: $ 57,637 | E130: 0.97 | F130: 2.3
B131: Burlington | D131: $ 62,513 | E131: 1.17 | F131: 2.63 | G131: 0.22
B132: Camden | C132: 0.21 | D132: $ 62,513 | E132: 1.17 | F132: 2.63
B133: Monmouth | C133: 0.21 | D133: $ 67,296 | E133: 1.23 | F133: 2.75
B134: Morris | C134: 0.21 | D134: $ 67,296 | E134: 1.23 | F134: 2.75
B135: Ocean | C135: 0.21 | D135: $ 67,296 | E135: 1.23 | F135: 2.75
B136: Somerset | C136: 0.21 | D136: $ 67,296 | E136: 1.23 | F136: 2.75
B137: Middlesex | C137: 0.19 | D137: $ 67,296 | E137: 1.23 | F137: 2.75
B138: Mercer | C138: 0.18 | D138: $ 72,804 | E138: 1.2 | F138: 2.69
B139: Passaic | C139: 0.18 | D139: $ 67,296 | E139: 1.23 | F139: 2.75
B140: Union | C140: 0.18 | D140: $ 67,296 | E140: 1.23 | F140: 2.75
B141: Bergen | C141: 0.17 | D141: $ 67,296 | E141: 1.23 | F141: 2.75
B142: Essex | C142: 0.15 | D142: $ 67,296 | E142: 1.23 | F142: 2.75
B143: Hudson | C143: 0.11 | D143: $ 67,296 | E143: 1.23 | F143: 2.75
A145: Source: Housing and Transportation Affordability Index from Center for Neighborhood Technology, 2017 https://htaindex.cnt.org/map/
A146: Info: Calculated from a "typical regional" family profile
A149: 8.5. Annual Total Auto Cost ($) in NJ (by county), 2020
B151: Total Auto Cost
B152: Annual auto ownership | C152: Annual gas cost | D152: Total Auto Cost | E152: Annual driving costs budget | F152: % of annual budget | G152: Difference from 15% (affordable transportation cost) | H152: County
A153: Hudson | B153: $ 6,043 | C153: $ 869 | D153: 6912 | E153: $ 10,094 | F153: 0.68 | G153: 0.53
A154: Essex | B154: $ 8,640 | C154: $ 1,499 | D154: 10139 | E154: $ 10,094 | F154: 1 | G154: 0.85
A155: Bergen | B155: $ 9,838 | C155: $ 1,746 | D155: 11584 | E155: $ 10,094 | F155: 1.15 | G155: 1
A156: Union | B156: $ 9,833 | C156: $ 1,825 | D156: 11658 | E156: $ 10,094 | F156: 1.15 | G156: 1
A157: Passaic | B157: $ 9,855 | C157: $ 1,817 | D157: 11672 | E157: $ 10,094 | F157: 1.16 | G157: 1.01
A158: Camden | B158: $ 10,548 | C158: $ 2,109 | D158: 12657 | E158: $ 9,377 | F158: 1.35 | G158: 1.2
A159: Cape May | B159: $ 10,433 | C159: $ 2,226 | D159: 12658 | E159: $ 8,646 | F159: 1.46 | G159: 1.31
A160: Middlesex | B160: $ 10,574 | C160: $ 2,106 | D160: 12680 | E160: $ 10,094 | F160: 1.26 | G160: 1.11
A161: Mercer | B161: $ 10,603 | C161: $ 2,175 | D161: 12778 | E161: $ 10,921 | F161: 1.17 | G161: 1.02
A162: Atlantic | B162: $ 10,505 | C162: $ 2,302 | D162: 12807 | E162: $ 8,169 | F162: 1.57 | G162: 1.42
A163: Warren | B163: $ 11,076 | C163: $ 2,447 | D163: 13524 | E163: $ 8,805 | F163: 1.54 | G163: 1.39
A164: Cumberland | B164: $ 11,103 | C164: $ 2,464 | D164: 13568 | E164: $ 7,498 | F164: 1.81 | G164: 1.66
A165: Burlington | B165: $ 11,256 | C165: $ 2,352 | E165: $ 9,377 | F165: 1.45 | G165: 1.3 | H165: 13607
A166: Monmouth | B166: $ 11,362 | C166: $ 2,324 | D166: 13686 | E166: $ 10,094 | F166: 1.36 | G166: 1.21
A167: Morris | B167: $ 11,384 | C167: $ 2,351 | D167: 13735 | E167: $ 10,094 | F167: 1.36 | G167: 1.21
A168: Somerset | B168: $ 11,424 | C168: $ 2,365 | D168: 13789 | E168: $ 10,094 | F168: 1.37 | G168: 1.22
A169: Ocean | B169: $ 11,730 | C169: $ 2,444 | D169: 14173 | E169: $ 10,094 | F169: 1.4 | G169: 1.25
A170: Gloucester | B170: $ 11,894 | C170: $ 2,435 | D170: 14329 | E170: $ 9,377 | F170: 1.53 | G170: 1.38
A171: Salem | B171: $ 12,042 | C171: $ 2,517 | D171: 14559 | E171: $ 9,377 | F171: 1.55 | G171: 1.4
...

Sheet 9. Health Ins. & Health Care
A1: 9.1. Proportion of NJ county minors with no health insurance coverage, 2019
C3: No health insurance | D3: Error | E3: County | F3: NJ avg. 4.3% | G3: US avg. 5.7%
B4: Sussex | C4: 0.014 | D4: 1 | F4: 0.043 | G4: 0.057
B5: Hunterdon | C5: 0.015 | D5: 1.6 | F5: 0.043 | G5: 0.057
B6: Warren | C6: 0.015 | D6: 1.3 | F6: 0.043 | G6: 0.057
B7: Cape May | C7: 0.019 | D7: 1.8 | F7: 0.043 | G7: 0.057
B8: Salem | C8: 0.022 | D8: 1.8 | F8: 0.043 | G8: 0.057
B9: Camden | C9: 0.025 | D9: 1.2 | F9: 0.043 | G9: 0.057
B10: Cumberland | C10: 0.025 | D10: 2 | F10: 0.043 | G10: 0.057
B11: Ocean | C11: 0.027 | D11: 1.3 | F11: 0.043 | G11: 0.057
B12: Burlington | D12: 1.2 | E12: 0.029 | F12: 0.043 | G12: 0.057
B13: Atlantic | C13: 0.029 | D13: 1.6 | F13: 0.043 | G13: 0.057
B14: Bergen | C14: 0.03 | D14: 0.8 | F14: 0.043 | G14: 0.057
B15: Monmouth | C15: 0.037 | D15: 1.5 | F15: 0.043 | G15: 0.057
B16: Morris | C16: 0.039 | D16: 1.4 | F16: 0.043 | G16: 0.057
B17: Mercer | C17: 0.046 | D17: 2.6 | F17: 0.043 | G17: 0.057
B18: Hudson | C18: 0.05 | D18: 1.8 | F18: 0.043 | G18: 0.057
B19: Middlesex | C19: 0.051 | D19: 1.2 | F19: 0.043 | G19: 0.057
B20: Gloucester | C20: 0.052 | D20: 3 | F20: 0.043 | G20: 0.057
B21: Essex | C21: 0.058 | D21: 1.4 | F21: 0.043 | G21: 0.057
B22: Somerset | C22: 0.063 | D22: 2.6 | F22: 0.043 | G22: 0.057
B23: Union | C23: 0.064 | D23: 1.9 | F23: 0.043 | G23: 0.057
B24: Passaic | C24: 0.074 | D24: 1.9 | F24: 0.043 | G24: 0.057
... B26: United States | C26: 0.057 | D26: 0.1 | F26: 0.043 | G26: 0.057
A29: Source: Selected economic characteristics. American Community Survey 1-yr estimates. 2019.
A30: Info: Civilian noninstitutionalized population under 19 years - No health insurance coverage. Note that municipalities with an orange error margin should be interpreted cautiously owing to concerns over accuracy (error is at least 50% of the estimate).
A32: 9.2 Children without health insurance (%) over time, in county
C34: No health insurance | D34: Margin of Error
B35: 2015 | C35: 0.021 | D35: 0.9
B36: 2016 | C36: 0.015 | D36: 0.7
B37: 2017 | C37: 0.024 | D37: 1.1
B38: 2018 | C38: 0.024 | D38: 0.8
B39: 2019 | C39: 0.029 | D39: 1.2
A41: Source: 2019 data. Selected economic characteristics. American Community Survey 1-yr estimates. 2015-2019. American Community Survey.
A42: Info: Civilian noninstitutionalized population under 19 years in 2017 - No health insurance coverage. Note that in 2016 and the preceding years, data include civilian noninstitutionalized population under 19 years.
A45: 9.3. Proportion of Burlington county municipality minors with no health insurance coverage, 2019
C48: No health insurance | D48: Error | E48: Burlington County avg. 2.40%
B49: Eastampton | C49: 0.09 | D49: 11.4 | E49: 0.024
B50: Edgewater Park | C50: 0.076 | D50: 6.5 | E50: 0.024
B51: Bass River | C51: 0.066 | D51: 7.2 | E51: 0.024
B52: Burlington City | C52: 0.065 | D52: 7.4 | E52: 0.024
B53: Delanco | C53: 0.054 | D53: 5.6 | E53: 0.024
B54: Bordentown Township | C54: 0.05 | D54: 5.6 | E54: 0.024
B55: Riverside | C55: 0.048 | D55: 3.4 | E55: 0.024
B56: Pemberton Township | C56: 0.038 | D56: 1.8 | E56: 0.024
B57: Pemberton Borough | C57: 0.037 | D57: 3.9 | E57: 0.024
B58: Willingboro | C58: 0.035 | D58: 1.8 | E58: 0.024
B59: Palmyra | C59: 0.034 | D59: 3.4 | E59: 0.024
B60: Woodland Township | C60: 0.033 | D60: 3.8 | E60: 0.024
... B88: Wrightstown | C88: 0 | D88: 19.3 | E88: 0.024
A120: Source: Selected economic characteristics. American Community Survey 5-yr estimates. 2019.
A121: Info: Civilian noninstitutionalized population under 19 years - No health insurance coverage.
A124: 9.4 NJ Family Care Medicaid Participation, by County, November 2020
B125: Children County Copy | C125: Medicaid Participation (Nov, 2020) New Jersey Family Care, Non-ABD Children | D125: Medicaid Participation (Nov, 2020) New Jersey Family Care, Non-ABD Adults | E125: Adults County Copy
A126: Essex | C126: 79677 | D126: 18896
A127: Hudson | C127: 57900 | D127: 11473
A128: Ocean | C128: 57416 | D128: 9371
A129: Passaic | C129: 55927 | D129: 10716
A130: Camden | C130: 45352 | D130: 12082
A131: Middlesex | C131: 43298 | D131: 10148
A132: Union | C132: 38895 | D132: 7790
A133: Bergen | C133: 31083 | D133: 7524
A134: Mercer | C134: 24661 | D134: 5133
A135: Monmouth | C135: 24631 | D135: 4906
A136: Atlantic | C136: 24093 | D136: 5362
A137: Burlington | B137: 18966 | C137: 18966 | D137: 5533 | E137: 5533
A138: Cumberland | C138: 17950 | D138: 3768
A139: Gloucester | C139: 14552 | D139: 3968
A140: Morris | C140: 11320 | D140: 2665
A141: Somerset | C141: 9956 | D141: 2035
A142: Cape May | C142: 5462 | D142: 1317
A143: Salem | C143: 5224 | D143: 1365
A144: Warren | C144: 4893 | D144: 2837
A145: Sussex | C145: 3811 | D145: 1056
A146: Hunterdon | C146: 2443 | D146: 544
A147: Other | C147: 5 | D147: 3
A148: Statewide | C148: 577515 | D148: 128492
A149: Source: New Jersey Department of Human Services, https://www.state.nj.us/humanservices/dmahs/news/reports/
A150: Definition: Non-ABD Medicaid is for children age 18 and younger if their family's total income before taxes is at or below 350% of the Federal Poverty Level (ex., $6,723 per month in a family of four). Parents may also be eligible if earned income is at or below 133% of the Federal Poverty Level ($2,555 monthly for a family of four)." Note that total county population size has not been accounted for in this indicator.
A153: 9.5 Percentage of Children Meeting All Immunization Requirements by Grade Type and County, NJ, 2019-2020
B156: County | C156: Immunization Rate Actual | D156: NJ Avg. 94.40%
A157: Ocean | C157: 0.914 | D157: 0.94
A158: Mercer | C158: 0.919 | D158: 0.94
A159: Monmouth | C159: 0.931 | D159: 0.94
A160: Hunterdon | C160: 0.934 | D160: 0.94
A161: Morris | C161: 0.936 | D161: 0.94
A162: Union | C162: 0.936 | D162: 0.94
A163: Hudson | C163: 0.939 | D163: 0.94
A164: Atlantic | C164: 0.941 | D164: 0.94
A165: Sussex | C165: 0.944 | D165: 0.94
A166: Warren | C166: 0.945 | D166: 0.94
A167: Essex | C167: 0.946 | D167: 0.94
A168: Passaic | C168: 0.948 | D168: 0.94
... A170: Bergen | C170: 0.953 | D170: 0.94
A171: Burlington | B171: 0.953 | D171: 0.94
A172: Somerset | C172: 0.954 | D172: 0.94
A173: Cumberland | C173: 0.956 | D173: 0.94
A174: Middlesex | C174: 0.959 | D174: 0.94
A175: Gloucester | C175: 0.964 | D175: 0.94
A176: Cape May | C176: 0.966 | D176: 0.94
...

Sheet 10. Employment
A1: 10.1. NJ county average weekly wage ($) by quarter, 2019
C3: 2019
C4: Q1 | D4: Q2 | E4: Q3 | F4: Q4 | G4: Annual average
B5: New Jersey | C5: 1400 | D5: 1236 | E5: 1216 | F5: 1332 | G5: 1295
B6: Atlantic | C6: 909 | D6: 899 | E6: 878 | F6: 972 | G6: 914
B7: Bergen | C7: 1333 | D7: 1233 | E7: 1238 | F7: 1355 | G7: 1290
B8: Burlington | C8: 1173 | D8: 1089 | E8: 1094 | F8: 1177 | G8: 1113
B9: Camden | C9: 1077 | D9: 1044 | E9: 1039 | F9: 1155 | G9: 1079
B10: Cape May | C10: 783 | D10: 712 | E10: 697 | F10: 839 | G10: 750
B11: Cumberland | C11: 889 | D11: 890 | E11: 888 | F11: 968 | G11: 909
B12: Essex | C12: 1537 | D12: 1304 | E12: 1329 | F12: 1405 | G12: 1394
B13: Gloucester | C13: 903 | D13: 909 | E13: 887 | F13: 956 | G13: 914
B14: Hudson | C14: 1738 | D14: 1426 | E14: 1383 | F14: 1484 | G14: 1508
B15: Hunterdon | C15: 1388 | D15: 1208 | E15: 1173 | F15: 1295 | G15: 1266
B16: Mercer | C16: 1639 | D16: 1348 | E16: 1296 | F16: 1450 | G16: 1433
... B27: Burlington | C27: 1173 | D27: 1089 | E27: 1094 | F27: 1177 | G27: 1113
A28: Source: Bureau of Labor Statistics. https://data.bls.gov/PDQWeb/en
A29: Info: Average weekly wages were calculated using unrounded data. Average weekly wage in total covered total, all industries, for all establishment sizes in all counties.
A31: 10.2. Burlington county average weekly wage by quarter, 2017-2019
C34: Q1 | D34: Q2 | E34: Q3 | F34: Q4 | G34: Annual Average
B35: 2017 | C35: 1101 | D35: 1035 | E35: 1018 | F35: 1104 | G35: 1064
B36: 2018 | C36: 1143 | D36: 1072 | E36: 1067 | F36: 1148 | G36: 1108
B37: 2019 | C37: 1173 | D37: 1089 | E37: 1094 | F37: 1177 | G37: 1133
A39: Source: Bureau of Labor Statistics. https://data.bls.gov/PDQWeb/en
A40: Info: Average weekly wages were calculated using unrounded data. Average weekly wage in total covered total, all industries, for all establishment sizes in all counties.
A43: 10.3. County level unemployment rates, October 2019-September 2020 (unadjusted)
C45: 2019 | F45: 2020
C46: October | D46: November | E46: December | F46: January | G46: February | H46: March | I46: April | J46: May | K46: June | L46: July | M46: August | N46: September
B47: Atlantic | C47: 0.048 | D47: 0.05 | E47: 0.055 | F47: 0.068 | G47: 0.064 | H47: 0.057 | I47: 0.338 | J47: 0.325 | K47: 0.344 | L47: 0.245 | M47: 0.179 | N47: 0.101
B48: Bergen | C48: 0.029 | D48: 0.028 | E48: 0.028 | F48: 0.035 | G48: 0.034 | H48: 0.03 | I48: 0.155 | J48: 0.149 | K48: 0.165 | L48: 0.144 | M48: 0.112 | N48: 0.065
B49: Burlington | C49: 0.032 | D49: 0.032 | E49: 0.032 | F49: 0.039 | G49: 0.037 | H49: 0.032 | I49: 0.134 | J49: 0.127 | K49: 0.14 | L49: 0.123 | M49: 0.093 | N49: 0.052
B50: Camden | C50: 0.04 | D50: 0.04 | E50: 0.041 | F50: 0.048 | G50: 0.046 | H50: 0.04 | I50: 0.162 | J50: 0.152 | K50: 0.166 | L50: 0.145 | M50: 0.113 | N50: 0.065
B51: Cape May | C51: 0.056 | D51: 0.087 | E51: 0.105 | F51: 0.136 | G51: 0.121 | H51: 0.109 | I51: 0.269 | J51: 0.226 | K51: 0.202 | L51: 0.153 | M51: 0.112 | N51: 0.068
B52: Cumberland | C52: 0.05 | D52: 0.053 | E52: 0.06 | F52: 0.073 | G52: 0.068 | H52: 0.06 | I52: 0.165 | J52: 0.151 | K52: 0.167 | L52: 0.151 | M52: 0.115 | N52: 0.067
B53: Essex | C53: 0.044 | D53: 0.044 | E53: 0.045 | F53: 0.053 | G53: 0.05 | H53: 0.046 | I53: 0.168 | J53: 0.166 | K53: 0.189 | L53: 0.172 | M53: 0.138 | N53: 0.084
B54: Gloucester | C54: 0.035 | D54: 0.036 | E54: 0.038 | F54: 0.046 | G54: 0.043 | H54: 0.037 | I54: 0.158 | J54: 0.145 | K54: 0.157 | L54: 0.134 | M54: 0.102 | N54: 0.057
B55: Hudson | C55: 0.032 | D55: 0.032 | E55: 0.032 | F55: 0.038 | G55: 0.036 | H55: 0.033 | I55: 0.16 | J55: 0.158 | K55: 0.178 | L55: 0.16 | M55: 0.126 | N55: 0.076
B56: Hunterdon | C56: 0.026 | D56: 0.026 | E56: 0.027 | F56: 0.035 | G56: 0.034 | H56: 0.029 | I56: 0.123 | J56: 0.113 | K56: 0.124 | L56: 0.107 | M56: 0.081 | N56: 0.045
B57: Mercer | C57: 0.031 | D57: 0.03 | E57: 0.031 | F57: 0.039 | G57: 0.036 | H57: 0.031 | I57: 0.109 | J57: 0.106 | K57: 0.124 | L57: 0.114 | M57: 0.087 | N57: 0.051
B58: Middlesex | C58: 0.03 | D58: 0.03 | E58: 0.03 | F58: 0.037 | G58: 0.036 | H58: 0.032 | I58: 0.142 | J58: 0.135 | K58: 0.149 | L58: 0.132 | M58: 0.102 | N58: 0.059
... B69: Burlington | C69: 0.032 | D69: 0.032 | E69: 0.032 | F69: 0.039 | G69: 0.037 | H69: 0.032 | I69: 0.134 | J69: 0.127 | K69: 0.14 | L69: 0.123 | M69: 0.093 | N69: 0.052
A71: Source: Bureau of Labor Statistics. https://data.bls.gov/lausmap/showMap.jsp;jsessionid=91D72EE333CA2868DB05DEE34C97F0F5
A72: Info: Not seasonally adjusted. No municipality data available. Monthly data available.
A74: 10.4 Median unemployment rates, October 2019-September 2020, across counties
D76: 2019 | G76: 2020
C77: Median | D77: October | E77: November | F77: December | G77: January | H77: February | I77: March | J77: April | K77: May | L77: June | M77: July | N77: August | O77: September | P77: County | Q77: NJ Median 5.5%
B78: Hunterdon | C78: 0.04 | D78: 0.026 | E78: 0.026 | F78: 0.027 | G78: 0.035 | H78: 0.034 | I78: 0.029 | J78: 0.123 | K78: 0.113 | L78: 0.124 | M78: 0.107 | N78: 0.081 | O78: 0.045 | Q78: 0.055
B79: Morris | C79: 0.042 | D79: 0.027 | E79: 0.027 | F79: 0.028 | G79: 0.034 | H79: 0.033 | I79: 0.029 | J79: 0.13 | K79: 0.122 | L79: 0.135 | M79: 0.115 | N79: 0.089 | O79: 0.05 | Q79: 0.055
B80: Somerset | C80: 0.044 | D80: 0.029 | E80: 0.029 | F80: 0.03 | G80: 0.036 | H80: 0.035 | I80: 0.031 | J80: 0.124 | K80: 0.118 | L80: 0.132 | M80: 0.116 | N80: 0.089 | O80: 0.051 | Q80: 0.055
B81: Mercer | C81: 0.045 | D81: 0.031 | E81: 0.03 | F81: 0.031 | G81: 0.039 | H81: 0.036 | I81: 0.031 | J81: 0.109 | K81: 0.106 | L81: 0.124 | M81: 0.114 | N81: 0.087 | O81: 0.051 | Q81: 0.055
B82: Burlington | D82: 0.032 | E82: 0.032 | F82: 0.032 | G82: 0.039 | H82: 0.037 | I82: 0.032 | J82: 0.134 | K82: 0.127 | L82: 0.14 | M82: 0.123 | N82: 0.093 | O82: 0.052 | P82: 0.046 | Q82: 0.055
B83: Middlesex | C83: 0.048 | D83: 0.03 | E83: 0.03 | F83: 0.03 | G83: 0.037 | H83: 0.036 | I83: 0.032 | J83: 0.142 | K83: 0.135 | L83: 0.149 | M83: 0.132 | N83: 0.102 | O83: 0.059 | Q83: 0.055
B84: Monmouth | C84: 0.048 | D84: 0.03 | E84: 0.031 | F84: 0.032 | G84: 0.039 | H84: 0.038 | I84: 0.033 | J84: 0.156 | K84: 0.142 | L84: 0.154 | M84: 0.129 | N84: 0.099 | O84: 0.057 | Q84: 0.055
B85: Warren | C85: 0.048 | D85: 0.03 | E85: 0.031 | F85: 0.034 | G85: 0.044 | H85: 0.042 | I85: 0.036 | J85: 0.144 | K85: 0.127 | L85: 0.138 | M85: 0.121 | N85: 0.092 | O85: 0.052 | Q85: 0.055
B86: Bergen | C86: 0.05 | D86: 0.029 | E86: 0.028 | F86: 0.028 | G86: 0.035 | H86: 0.034 | I86: 0.03 | J86: 0.155 | K86: 0.149 | L86: 0.165 | M86: 0.144 | N86: 0.112 | O86: 0.065 | Q86: 0.055
B87: Gloucester | C87: 0.052 | D87: 0.035 | E87: 0.036 | F87: 0.038 | G87: 0.046 | H87: 0.043 | I87: 0.037 | J87: 0.158 | K87: 0.145 | L87: 0.157 | M87: 0.134 | N87: 0.102 | O87: 0.057 | Q87: 0.055
B88: Sussex | C88: 0.052 | D88: 0.032 | E88: 0.032 | F88: 0.036 | G88: 0.046 | H88: 0.044 | I88: 0.039 | J88: 0.171 | K88: 0.15 | L88: 0.158 | M88: 0.134 | N88: 0.103 | O88: 0.057 | Q88: 0.055
B89: Ocean | C89: 0.053 | D89: 0.034 | E89: 0.036 | F89: 0.038 | G89: 0.048 | H89: 0.046 | I89: 0.04 | J89: 0.173 | K89: 0.156 | L89: 0.166 | M89: 0.135 | N89: 0.103 | O89: 0.058 | Q89: 0.055
B90: Camden | C90: 0.057 | D90: 0.04 | E90: 0.04 | F90: 0.041 | G90: 0.048 | H90: 0.046 | I90: 0.04 | J90: 0.162 | K90: 0.152 | L90: 0.166 | M90: 0.145 | N90: 0.113 | O90: 0.065 | Q90: 0.055
B91: Union | C91: 0.057 | D91: 0.036 | E91: 0.035 | F91: 0.037 | G91: 0.045 | H91: 0.043 | I91: 0.039 | J91: 0.154 | K91: 0.148 | L91: 0.164 | M91: 0.146 | N91: 0.114 | O91: 0.068 | Q91: 0.055
B92: Hudson | C92: 0.057 | D92: 0.032 | E92: 0.032 | F92: 0.032 | G92: 0.038 | H92: 0.036 | I92: 0.033 | J92: 0.16 | K92: 0.158 | L92: 0.178 | M92: 0.16 | N92: 0.126 | O92: 0.076 | Q92: 0.055
B93: Salem | C93: 0.062 | D93: 0.047 | E93: 0.047 | F93: 0.053 | G93: 0.062 | H93: 0.058 | I93: 0.051 | J93: 0.144 | K93: 0.133 | L93: 0.149 | M93: 0.137 | N93: 0.107 | O93: 0.062 | Q93: 0.055
B94: Essex | C94: 0.069 | D94: 0.044 | E94: 0.044 | F94: 0.045 | G94: 0.053 | H94: 0.05 | I94: 0.046 | J94: 0.168 | K94: 0.166 | L94: 0.189 | M94: 0.172 | N94: 0.138 | O94: 0.084 | Q94: 0.055
... B98: Cape May | C98: 0.117 | D98: 0.056 | E98: 0.087 | F98: 0.105 | G98: 0.136 | H98: 0.121 | I98: 0.109 | J98: 0.269 | K98: 0.226 | L98: 0.202 | M98: 0.153 | N98: 0.112 | O98: 0.068 | Q98: 0.055
B99: New Jersey | C99: 0.055 | D99: 0.034 | E99: 0.035 | F99: 0.036 | G99: 0.044 | H99: 0.042 | I99: 0.037 | J99: 0.159 | K99: 0.151 | L99: 0.166 | M99: 0.144 | N99: 0.111 | O99: 0.065
A101: Source: Bureau of Labor Statistics. https://data.bls.gov/lausmap/showMap.jsp;jsessionid=91D72EE333CA2868DB05DEE34C97F0F5
A102: Info: Not seasonally adjusted. No municipality data available. Monthly data available.
A105: 10.5. NJ counties median Income by Sex, 2019
C107: Median earnings for full-time, year-round workers (dollars)
C108: Males Copy County | D108: Males | E108: Margin of error | F108: Females | G108: Margin of error | H108: Females Copy County
B109: Cumberland | D109: 48475 | E109: 6427 | F109: 37240 | G109: 5230
B110: Atlantic | D110: 50804 | E110: 1794 | F110: 42462 | G110: 3730
B111: Passaic | D111: 51381 | E111: 1609 | F111: 44029 | G111: 3412
B112: Essex | D112: 55151 | E112: 2851 | F112: 49475 | G112: 2457
B113: Cape May | D113: 55444 | E113: 6695 | F113: 56062 | G113: 9822
B114: Union | D114: 57069 | E114: 4396 | F114: 50585 | G114: 2127
B115: Camden | D115: 57290 | E115: 3944 | F115: 51083 | G115: 1542
B116: Hudson | D116: 61826 | E116: 1403 | F116: 53860 | G116: 3423
B117: Burlington | C117: 65618 | D117: 65618 | E117: 2857 | F117: 56292 | G117: 2189 | H117: 56292
B118: Mercer | D118: 65744 | E118: 2525 | F118: 53136 | G118: 4129
B119: Salem | D119: 68365 | E119: 8183 | F119: 40948 | G119: 1758
B120: Ocean | D120: 69262 | E120: 4690 | F120: 50334 | G120: 1872
B121: Middlesex | D121: 70126 | E121: 2863 | F121: 54272 | G121: 2658
B122: Gloucester | D122: 70376 | E122: 4281 | F122: 52376 | G122: 2726
B123: Warren | D123: 71622 | E123: 5088 | F123: 54780 | G123: 5463
B124: Sussex | D124: 73782 | E124: 6215 | F124: 57163 | G124: 3028
B125: Bergen | D125: 78131 | E125: 4920 | F125: 64035 | G125: 3484
B126: Monmouth | D126: 85136 | E126: 4935 | F126: 55707 | G126: 2395
B127: Hunterdon | D127: 85139 | E127: 9202 | F127: 64846 | G127: 5772
B128: Somerset | D128: 90100 | E128: 5202 | F128: 65402 | G128: 4644
B129: Morris | D129: 91140 | E129: 3039 | F129: 67965 | G129: 3783
A133: Source: American Community Survey. Table DP03. Selected economic characteristics. 2019 American Community Survey, 1-yr estimates
A134: Info: Annual data available.
A135: 10.6 Median income ($) by sex: national, state, and county comparison
C137: Median earnings for full-time, year-round workers (dollars)
C138: Males | D138: Margin of error | E138: Females | F138: Margin of error
B139: Burlington | C139: 65618 | D139: 2857 | E139: 56292 | F139: 2189
B140: New Jersey | C140: 67007 | D140: 603 | E140: 53810 | F140: 935
B141: United States | C141: 52989 | D141: 206 | E141: 43215 | F141: 182
A143: Source: American Community Survey. Table DP03. Selected economic characteristics. 2019 American Community Survey, 1-yr estimates
...

Sheet 11. Community Safety
A1: 11.1. Violent Crimes (#) and the Crime Rate (per 1,000), 2019
B3: County | C3: #Violent Crimes | D3: Violent Crime Rate per 1,000 | F3: #Non-violent crimes | G3: Nonviolent Crime Rate per 1,000
A4: Hunterdon | C4: 58 | D4: 0.5 | F4: 468 | G4: 3.8
A5: Morris | C5: 267 | D5: 0.5 | F5: 3026 | G5: 6.1
A6: Sussex | C6: 76 | D6: 0.5 | F6: 635 | G6: 4.6
A7: Somerset | C7: 183 | D7: 0.6 | F7: 2881 | G7: 8.7
A8: Warren | C8: 78 | D8: 0.7 | F8: 1181 | G8: 11.2
A9: Bergen | C9: 709 | D9: 0.8 | F9: 8084 | G9: 8.6
A10: Ocean | C10: 555 | D10: 0.9 | F10: 5890 | G10: 9.9
A11: Gloucester | C11: 301 | D11: 1 | F11: 4531 | G11: 15.7
A12: Middlesex | C12: 1059 | D12: 1.3 | F12: 9460 | G12: 11.3
A13: Monmouth | C13: 830 | D13: 1.3 | F13: 7440 | G13: 11.7
A14: Burlington | B14: 663 | D14: 1.5 | F14: 5151 | G14: 11.6
A15: Cape May | C15: 161 | D15: 1.8 | F15: 1910 | G15: 20.8
A16: Atlantic | C16: 672 | D16: 2.5 | F16: 6314 | G16: 23.8
A17: Union | C17: 1578 | D17: 2.8 | F17: 9442 | G17: 16.9
A18: Salem | C18: 181 | D18: 2.9 | F18: 919 | G18: 14.9
A19: Hudson | C19: 2275 | D19: 3.3 | F19: 11098 | G19: 16.1
A20: Passaic | C20: 1842 | D20: 3.6 | F20: 7720 | G20: 15.2
A21: Mercer | C21: 1364 | D21: 3.7 | F21: 5596 | G21: 15.1
A22: Camden | C22: 1924 | D22: 3.8 | F22: 10576 | G22: 21
A23: Essex | C23: 3028 | D23: 3.8 | F23: 12465 | G23: 15.6
A24: Cumberland | C24: 631 | D24: 4.2 | F24: 4047 | G24: 27
A26: Note: Per document: "All crime rates are based on permanent, year-round populations. Comparisons of crime rates between individual municipalities should not be made without giving major consideration to the volume of seasonal population, transients, tourists, and labor forces."
A27: Note: Per document: "All offenses are recorded in the municipality of occurrence, regardless of the outside investigative agency, i.e., Federal, State, County, College Campus Police."
A28: Note: Per document: "Crime rates were not computed for municipalities with population less than 100."
A29: Source: New Jersey Municipal-County Offense & Demographic Data, 2019, Section 7
A30: State of New Jersey, Department of Law & Public Safety, Office of the Attorney General, New Jersey State Police, 2019 Uniform Crime Reports
A31: https://www.njsp.org/ucr/uniform-crime-reports.shtml
A32: Municipality Data Available?: Yes; however, it is suggested not to compare rates between municipalities per the report.
A34: 11.2 Crimes by type (#) in county
B36: Type of Crime | C36: # of Occurrences
B38: Violent Crimes
B39: Murder | C39: 12
B40: Rape | C40: 99
B41: Robbery | C41: 142
B42: Aggravated Assault | C42: 410
B44: Non-Violent Crimes
B45: Burglary | C45: 770
B46: Larceny | C46: 4077
B47: Motor Vehicle Theft | C47: 304
A50: Note: Per document: "All crime rates are based on permanent, year-round populations. Comparisons of crime rates between individual municipalities should not be made without giving major consideration to the volume of seasonal population, transients, tourists, and labor forces." Note that total county population size has not been accounted for in this indicator.
A51: Note: Per document: "All offenses are recorded in the municipality of occurrence, regardless of the outside investigative agency, i.e., Federal, State, County, College Campus Police."
A52: Note: Per document: "Crime rates were not computed for municipalities with population less than 100."
A53: Source: New Jersey Municipal-County Offense & Demographic Data, 2019, Section 7
A54: State of New Jersey, Department of Law & Public Safety, Office of the Attorney General, New Jersey State Police, 2019 Uniform Crime Reports
A55: https://www.njsp.org/ucr/uniform-crime-reports.shtml
A56: Municipality Data Available?: Yes; however, it is suggested not to compare rates between municipalities per the report.
A58: 11.3. NJ county juvenile arrest rates, 2016
C60: Rate per 1,000 youth | D60: County | E60: NJ Rate 10
B61: Ocean | C61: 5 | E61: 10
B62: Hunterdon | C62: 6 | E62: 10
B63: Somerset | C63: 6 | E63: 10
B64: Union | C64: 6 | E64: 10
B65: Warren | C65: 6 | E65: 10
B66: Middlesex | C66: 7 | E66: 10
B67: Morris | C67: 7 | E67: 10
B68: Bergen | C68: 8 | E68: 10
B69: Sussex | C69: 8 | E69: 10
B70: Gloucester | C70: 9 | E70: 10
B71: Hudson | C71: 9 | E71: 10
B72: Burlington | D72: 10 | E72: 10
B73: Essex | C73: 10 | E73: 10
B74: Monmouth | C74: 11 | E74: 10
B75: Atlantic | C75: 12 | E75: 10
B76: Mercer | C76: 15 | E76: 10
B77: Passaic | C77: 15 | E77: 10
B78: Cumberland | C78: 16 | E78: 10
B79: Salem | C79: 17 | E79: 10
B80: Camden | C80: 24 | E80: 10
B81: Cape May | C81: 31 | E81: 10
B82: New Jersey | C82: 10
A84: Source: Annie E Casey Kids Count Data using raw data from NJ Department of Law and Public Safety, Division of NJ State Police, Uniform Crime Reports. Updated May 2020.
A85: Info: The number of NJ juveniles arrested and the rate per 1,000 youth under age 18. Raw data from NJ Department of Law and Public Safety, Division of NJ State Police, Uniform Crime Reports. Updated May 2020. Municipality data not available.
A87: 11.4. Burlington county juvenile arrest rate, 2012-2016
C89: Burlington County | D89: New Jersey
B90: 2012 | C90: 16 | D90: 15
B91: 2013 | C91: 15 | D91: 12
B92: 2014 | C92: 15 | D92: 12
B93: 2015 | C93: 13 | D93: 11
B94: 2016 | C94: 10 | D94: 10
A96: Source: Annie E Casey Kids Count Data using raw data from NJ Department of Law and Public Safety, Division of NJ State Police, Uniform Crime Reports. Updated May 2020.
A97: Info: The number of NJ juveniles arrested and the rate per 1,000 youth under age 18. Raw data from NJ Department of Law and Public Safety, Division of NJ State Police, Uniform Crime Reports. Updated May 2020. Municipality data not available.
A100: 11.5: Crime guns recovered (#) in NJ (by county), October 2020
C102: ="Nov-19" -> Nov-19 | D102: ="Dec-19" -> Dec-19 | E102: ="Jan-20" -> Jan-20 | F102: ="Feb-20" -> Feb-20 | G102: ="Mar-20" -> Mar-20 | H102: ="Apr-20" -> Apr-20 | I102: ="May-20" -> May-20 | J102: ="June-20" -> June-20 | K102: ="Jul-20" -> Jul-20 | L102: ="Aug-20" -> Aug-20 | M102: ="Sep-20" -> Sep-20 | N102: ="Oct-20" -> Oct-20 | O102: COUNTY COPY
B103: Warren | C103: 1 | D103: 2 | E103: 1 | F103: 1 | G103: 0 | H103: 1 | I103: 0 | J103: 1 | K103: 2 | L103: 2 | M103: 3 | N103: 2
B104: Hunterdon | C104: 3 | D104: 1 | E104: 3 | F104: 0 | G104: 0 | H104: 0 | I104: 0 | J104: 0 | K104: 2 | L104: 5 | M104: 3 | N104: 2
B105: Sussex | C105: 2 | D105: ** | E105: 2 | F105: 1 | G105: 0 | H105: 3 | I105: 0 | J105: 2 | K105: 0 | L105: 0 | M105: 0 | N105: 3
B106: Morris | C106: 5 | D106: 7 | E106: 1 | F106: 8 | G106: 6 | H106: 7 | I106: 10 | J106: 6 | K106: 6 | L106: 3 | M106: 5 | N106: 5
B107: Salem | C107: 10 | D107: 4 | E107: 3 | F107: 4 | G107: 6 | H107: 6 | I107: 6 | J107: 4 | K107: 14 | L107: 1 | M107: 4 | N107: 5
B108: Somerset | C108: 2 | D108: 1 | E108: 11 | F108: 5 | G108: 4 | H108: 1 | I108: 3 | J108: 6 | K108: 0 | L108: 10 | M108: 4 | N108: 6
B109: Cape May | C109: 1 | D109: 1 | E109: 5 | F109: 3 | G109: 1 | H109: 0 | I109: 2 | J109: 3 | K109: 3 | L109: 4 | M109: 5 | N109: 8
B110: Gloucester | C110: 4 | D110: 3 | E110: 2 | F110: 16 | G110: 8 | H110: 1 | I110: 9 | J110: 2 | K110: 8 | L110: 7 | M110: 5 | N110: 10
B111: Cumberland | C111: 13 | D111: 4 | E111: 12 | F111: 12 | G111: 8 | H111: 4 | I111: 4 | J111: 8 | K111: 11 | L111: 9 | M111: 27 | N111: 11
B112: Burlington | C112: 6 | D112: 8 | E112: 13 | F112: 19 | G112: 9 | H112: 4 | I112: 9 | J112: 7 | K112: 11 | L112: 22 | M112: 17 | O112: 12
B113: Bergen | C113: 9 | D113: 4 | E113: 4 | F113: 3 | G113: 6 | H113: 5 | I113: 0 | J113: 2 | K113: 9 | L113: 9 | M113: 24 | N113: 13
B114: Hudson | C114: 23 | D114: 18 | E114: 33 | F114: 18 | G114: 29 | H114: 14 | I114: 22 | J114: 14 | K114: 10 | L114: 21 | M114: 20 | N114: 15
B115: Monmouth | C115: 8 | D115: 15 | E115: 12 | F115: 15 | G115: 3 | H115: 8 | I115: 4 | J115: 26 | K115: 10 | L115: 13 | M115: 5 | N115: 16
B116: Ocean | C116: 6 | D116: 9 | E116: 5 | F116: 3 | G116: 7 | H116: 7 | I116: 6 | J116: 10 | K116: 6 | L116: 5 | M116: 10 | N116: 16
B117: Atlantic | C117: 15 | D117: 20 | E117: 15 | F117: 10 | G117: 17 | H117: 12 | I117: 7 | J117: 8 | K117: 22 | L117: 18 | M117: 13 | N117: 18
...

Sheet 12. Domestic Violence
A1: 12.1. NJ county domestic violence incidents, 2019
C3: # DV incidents | D3: County
B4: Hunterdon | C4: 570
B5: Salem | C5: 773
B6: Sussex | C6: 1265
B7: Warren | C7: 1311
B8: Cape May | C8: 1339
B9: Morris | C9: 1802
B10: Somerset | C10: 1840
B11: Mercer | C11: 2139
B12: Gloucester | C12: 2417
B13: Passaic | C13: 2451
B14: Cumberland | C14: 2510
B15: Hudson | C15: 2656
... B19: Monmouth | C19: 3514
B20: Burlington | D20: 3747
B21: Middlesex | C21: 4336
B22: Ocean | C22: 4372
B23: Essex | C23: 6420
B24: Camden | C24: 6532
B25: New Jersey | C25: 59645
A27: Source: Annual domestic violence reports. https://www.njsp.org/ucr/domestic-violence-reports.shtml
A28: Info: The New Jersey State Police UCR Unit relies on the individual reporting agencies for accuracy of the reported data. Data are available annually (from 2006 onward). Note that total county population size has not been accounted for in this indicator.
A30: 12.2 Domestic violence incidents (# reported) over time, in county
C32: # DV incidents
B33: 2015 | C33: 3798
B34: 2016 | C34: 3821
B35: 2017 | C35: 3699
B36: 2018 | C36: 3600
B37: 2019 | C37: 3747
A39: Source: Annual domestic violence reports. https://www.njsp.org/ucr/domestic-violence-reports.shtml
A40: Info: The New Jersey State Police UCR Unit relies on the individual reporting agencies for accuracy of the reported data. Data are available annually (from 2006 onward). Note that total county population size has not been accounted for in this indicator.
A42: 12.3. Domestic violence incidents by Burlington county municipality, 2013-2019
C44: 2013 | D44: 2014 | E44: 2015 | F44: 2016 | G44: 2017 | H44: 2018 | I44: 2019
B45: Pemberton Township | C45: 558 | D45: 584 | E45: 652 | F45: 599 | G45: 557 | H45: 589 | I45: 540
B46: Evesham | C46: 343 | D46: 354 | E46: 416 | F46: 519 | G46: 452 | H46: 433 | I46: 397
B47: Mount Laurel | C47: 230 | D47: 201 | E47: 230 | F47: 212 | G47: 248 | H47: 333 | I47: 353
B48: Maple Shade | C48: 200 | D48: 219 | E48: 230 | F48: 221 | G48: 196 | H48: 227 | I48: 269
B49: Willingboro | C49: 329 | D49: 246 | E49: 285 | F49: 203 | G49: 251 | H49: 198 | I49: 223
B50: Mount Holly | C50: 261 | D50: 254 | E50: 194 | F50: 249 | G50: 239 | H50: 221 | I50: 191
B51: Medford Township | C51: 191 | D51: 153 | E51: 187 | F51: 198 | G51: 148 | H51: 160 | I51: 186
B52: Riverside | C52: 135 | D52: 131 | E52: 124 | F52: 129 | G52: 118 | H52: 156 | I52: 180
B53: Lumberton | C53: 126 | D53: 98 | E53: 107 | F53: 113 | G53: 117 | H53: 111 | I53: 154
B54: Edgewater Park | C54: 114 | D54: 113 | E54: 168 | F54: 125 | G54: 115 | H54: 88 | I54: 146
B55: Westampton | C55: 91 | D55: 95 | E55: 121 | F55: 120 | G55: 135 | H55: 97 | I55: 121
B56: Palmyra | C56: 210 | D56: 160 | E56: 150 | F56: 169 | G56: 182 | H56: 174 | I56: 119
... B75: Beverly City | C75: 22 | D75: 21 | E75: 10 | F75: 13 | G75: 21 | H75: 16 | I75: 16
B76: New Hanover | C76: 5 | D76: 2 | E76: 1 | F76: 2 | I76: 9
B77: Wrightstown | C77: 12 | D77: 25 | E77: 25 | F77: 16 | G77: 14 | H77: 13 | I77: 9
B78: Woodland Township | C78: 12 | D78: 2 | E78: 14 | F78: 9 | G78: 7 | H78: 7 | I78: 6
B79: Springfield | C79: 2 | D79: 9 | E79: 0 | F79: 3 | G79: 1 | H79: 1 | I79: 5
B80: Bordentown City | C80: 13 | D80: 14 | E80: 17 | F80: 2 | G80: 1 | H80: 1 | I80: 3
B81: Washington Township | C81: 4 | D81: 4 | E81: 3 | F81: 6 | G81: 6 | H81: 2 | I81: 3
B82: Burlington City | C82: 1 | D82: 76 | E82: 104 | F82: 89 | G82: 81 | I82: 1
B83: Chesterfield | C83: 8 | D83: 9 | E83: 6 | F83: 7 | G83: 5 | H83: 4 | I83: 1
B84: Fieldsboro | C84: 2 | D84: 1 | E84: 1 | F84: 1
A116: Source: Annual domestic violence reports. https://www.njsp.org/ucr/domestic-violence-reports.shtml
A117: Info: The New Jersey State Police UCR Unit relies on the individual reporting agencies for accuracy of the reported data. Data are available annually (from 2006 onward). Note that total county population size has not been accounted for in this indicator.
A119: 12.4. Domestic violence offenses by type (#) in New Jersey, 2019
B122: Offenses | C122: 2015 | D122: 2016 | E122: 2017 | F122: 2018 | G122: 2019
B123: Homicide | C123: 49 | D123: 52 | E123: 48 | F123: 38 | G123: 39
B124: Assault | C124: 26413 | D124: 27222 | E124: 26349 | F124: 25882 | G124: 25693
B125: Terroristic threats | C125: 2614 | D125: 2442 | E125: 2140 | F125: 2162 | G125: 2040
B126: Kidnapping | C126: 29 | D126: 13 | E126: 27 | F126: 22 | G126: 26
B127: Criminal restraint | C127: 129 | D127: 123 | E127: 110 | F127: 102 | G127: 129
B128: False imprisonment | C128: 49 | D128: 44 | E128: 57 | F128: 52 | G128: 67
B129: Sexual assault | C129: 204 | D129: 223 | E129: 212 | F129: 235 | G129: 224
B130: Criminal sexual conduct | C130: 45 | D130: 38 | E130: 45 | F130: 59 | G130: 56
B131: Lewdness | C131: 6 | D131: 3 | E131: 13 | F131: 16 | G131: 7
B132: Criminal mischief | C132: 4563 | D132: 4849 | E132: 4667 | F132: 4356 | G132: 4092
B133: Burglary | C133: 587 | D133: 571 | E133: 528 | F133: 468 | G133: 577
... B136: Stalking | C136: 338 | D136: 254 | E136: 182 | F136: 286 | G136: 245
B137: Criminal coercion | E137: 27 | F137: 25 | G137: 16
B138: Contempt of Court | E138: 1499 | F138: 1337 | G138: 2492
B139: Other Crime Causing SBI | E139: -- | F139: 3 | G139: 56
B140: Robbery | E140: 102 | F140: 131 | G140: 161
B141: Cyber Harassment | E141: 5 | F141: 19 | G141: 287
B142: Total | C142: 61659 | D142: 63420 | E142: 62647 | F142: 60428 | G142: 61150
A145: Source: Annual domestic violence reports. https://www.njsp.org/ucr/domestic-violence-reports.shtml
A146: Info: The New Jersey State Police UCR Unit relies on the individual reporting agencies for accuracy of the reported data. Data are available annually. Municipality estimates are not available. Note that total county population size has not been accounted for in this indicator.
A148: 12.5. Domestic violence offenses by type (#) in County, 2019
B150: Offenses | C150: 2019
B151: Homicide | C151: 4
B152: Criminal restraint | C152: 5
B153: False imprisonment | C153: 3
B154: Criminal Sexual Contact | C154: 5
B155: Lewdness | C155: 0
B156: Criminal trespass | C156: 19
B157: Criminal mischief | C157: 207
B158: Stalking | C158: 8
B159: Criminal Coercion | C159: 1
B160: Contempt of Court | C160: 256
B161: Other Crime Causing SBI | C161: 9
... B170: Total | C170: 3790
A172: Source: Annual domestic violence reports. https://www.njsp.org/ucr/domestic-violence-reports.shtml
A173: Info: The New Jersey State Police UCR Unit relies on the individual reporting agencies for accuracy of the reported data. Data are available annually. Municipality estimates are not available. Note that total county population size has not been accounted for in this indicator.

Sheet 13. Substance Use Disorder
A1: 13.1. NJ counties suspected opioid overdose deaths and % change, 2018-2019
C3: # deaths
C4: 2018 | D4: 2019 | E4: % change | F4: County | G4: NJ -3% change
B5: Salem | C5: 31 | D5: 43 | E5: 0.39 | G5: -0.03
B6: Cape May | C6: 47 | D6: 59 | E6: 0.26 | G6: -0.03
B7: Sussex | C7: 35 | D7: 41 | E7: 0.17 | G7: -0.03
B8: Essex | C8: 390 | D8: 428 | E8: 0.1 | G8: -0.03
B9: Camden | C9: 329 | D9: 340 | E9: 0.03 | G9: -0.03
B10: Bergen | C10: 157 | D10: 162 | E10: 0.03 | G10: -0.03
B11: Burlington | C11: 161 | D11: 164 | F11: 0.02 | G11: -0.03
B12: Middlesex | C12: 209 | D12: 206 | E12: -0.01 | G12: -0.03
B13: Union | C13: 150 | D13: 147 | E13: -0.02 | G13: -0.03
B14: Hudson | C14: 184 | D14: 179 | E14: -0.03 | G14: -0.03
B15: Gloucester | C15: 145 | D15: 138 | E15: -0.05 | G15: -0.03
B16: Atlantic | C16: 190 | D16: 180 | E16: -0.05 | G16: -0.03
B17: Ocean | C17: 217 | D17: 204 | E17: -0.06 | G17: -0.03
B18: Morris | C18: 94 | D18: 86 | E18: -0.09 | G18: -0.03
B19: Somerset | C19: 52 | D19: 47 | E19: -0.1 | G19: -0.03
B20: Passaic | C20: 196 | D20: 171 | E20: -0.13 | G20: -0.03
B21: Monmouth | C21: 221 | D21: 187 | E21: -0.15 | G21: -0.03
B22: Cumberland | C22: 113 | D22: 91 | E22: -0.19 | G22: -0.03
B23: Mercer | C23: 147 | D23: 115 | E23: -0.22 | G23: -0.03
... B25: Hunterdon | C25: 20 | D25: 13 | E25: -0.35 | G25: -0.03
B26: New Jersey | C26: 3118 | D26: 3021 | E26: -0.03
A28: Source: NJ Cares: A real-time dashboard of Opioid related data and information. Office of the Attorney General of NJ. https://www.njcares.gov/#atla
A29: Info: Calculation (2019-2018)/2018 = Percent Change
A31: 13.2 Number of (#) suspected opioid deaths over time, in county
C33: # deaths
B34: 2015 | C34: 87
B35: 2016 | C35: 96
B36: 2017 | C36: 149
B37: 2018 | C37: 161
B38: 2019 | C38: 164
A40: Source: NJ Cares: A real-time dashboard of Opioid related data and information. Office of the Attorney General of NJ. https://www.njcares.gov/#atla
A41: Info: Note that total county population size has not been accounted for in this indicator.
A43: 13.3. Change in Population for every one overdose death, 2017-2018
C45: Population per overdose death
C46: 2017 | D46: 2018 | E46: % change | F46: County | G46: NJ % change -12%
B47: Cape May | C47: 1579 | D47: 1969 | E47: =(D47-C47)/C47 -> 0.24699177 | G47: -0.12
B48: Warren | C48: 2941 | D48: 3526 | E48: =(D48-C48)/C48 -> 0.19891193 | G48: -0.12
B49: Middlesex | C49: 3522 | D49: 3970 | E49: =(D49-C49)/C49 -> 0.12720045 | G49: -0.12
B50: Hunterdon | C50: 5665 | D50: 6236 | E50: =(D50-C50)/C50 -> 0.10079435 | G50: -0.12
B51: Sussex | C51: 3922 | D51: 4023 | E51: =(D51-C51)/C51 -> 0.025752167 | G51: -0.12
B52: Essex | C52: 2151 | D52: 2051 | E52: =(D52-C52)/C52 -> -0.046490005 | G52: -0.12
B53: Morris | C53: 5553 | D53: 5258 | E53: =(D53-C53)/C53 -> -0.053124437 | G53: -0.12
B54: Somerset | C54: 6749 | D54: 6369 | E54: =(D54-C54)/C54 -> -0.056304638 | G54: -0.12
B55: Camden | C55: 1649 | D55: 1541 | E55: =(D55-C55)/C55 -> -0.065494239 | G55: -0.12
B56: Burlington | C56: 2988 | D56: 2766 | F56: =(D56-C56)/C56 -> -0.074297189 | G56: -0.12
B57: Atlantic | C57: 1576 | D57: 1397 | E57: =(D57-C57)/C57 -> -0.11357868 | G57: -0.12
B58: Ocean | C58: 3151 | D58: 2773 | E58: =(D58-C58)/C58 -> -0.11996192 | G58: -0.12
B59: Union | C59: 4329 | D59: 3720 | E59: =(D59-C59)/C59 -> -0.14067914 | G59: -0.12
B60: Gloucester | C60: 2365 | D60: 2010 | E60: =(D60-C60)/C60 -> -0.15010571 | G60: -0.12
B61: Bergen | C61: 7237 | D61: 5966 | E61: =(D61-C61)/C61 -> -0.17562526 | G61: -0.12
B62: Monmouth | C62: 3618 | D62: 2812 | E62: =(D62-C62)/C62 -> -0.22277501 | G62: -0.12
B63: Hudson | C63: 4772 | D63: 3674 | E63: =(D63-C63)/C63 -> -0.2300922 | G63: -0.12
B64: Mercer | C64: 3477 | D64: 2516 | E64: =(D64-C64)/C64 -> -0.27638769 | G64: -0.12
B65: Passaic | C65: 3845 | D65: 2568 | E65: =(D65-C65)/C65 -> -0.33211964 | G65: -0.12
B66: Cumberland | C66: 2023 | D66: 1336 | E66: =(D66-C66)/C66 -> -0.33959466 | G66: -0.12
B67: Salem | C67: 3307 | D67: 2020 | E67: =(D67-C67)/C67 -> -0.38917448 | G67: -0.12
B68: New Jersey | C68: 3248 | D68: 2857 | E68: =(D68-C68)/C68 -> -0.12038177
A70: Source: NJ Cares: A real-time dashboard of Opioid related data and information. Office of the Attorney General of NJ. https://www.njcares.gov/#atla
A71: Info: Calculation (2018-2017)/2017 = Percent Change
A73: 13.4 Population for every 1 overdose death over time, in county
C75: Pop per 1 death
B76: 2014 | C76: 5976
B77: 2015 | C77: 5137
B78: 2016 | C78: 4647
B79: 2017 | C79: 2988
B80: 2018 | C80: 2766
A82: Source: NJ Cares: A real-time dashboard of Opioid related data and information. Office of the Attorney General of NJ. https://www.njcares.gov/#atla
A83: Info: n/a
A85: 13.5. Proportion of substances (percentage) identified at substance abuse treatment center admissions across NJ counties, 2018
C87: Alcohol | D87: Heroin | E87: Other Opiates | F87: Cocaine | G87: Marijuana | H87: Other Drugs
B88: Atlantic | C88: 0.24 | D88: 0.54 | E88: 0.06 | F88: 0.04 | G88: 0.07 | H88: 0.04
B89: Bergen | C89: 0.36 | D89: 0.35 | E89: 0.06 | F89: 0.06 | G89: 0.13 | H89: 0.04
B90: Burlington | C90: 0.31 | D90: 0.41 | E90: 0.07 | F90: 0.06 | G90: 0.09 | H90: 0.06
B91: Camden | C91: 0.25 | D91: 0.45 | E91: 0.08 | F91: 0.07 | G91: 0.11 | H91: 0.05
B92: Cape May | C92: 0.38 | D92: 0.37 | E92: 0.06 | F92: 0.05 | G92: 0.09 | H92: 0.06
B93: Cumberland | C93: 0.27 | D93: 0.46 | E93: 0.05 | F93: 0.06 | G93: 0.11 | H93: 0.04
B94: Essex | C94: 0.25 | D94: 0.46 | E94: 0.05 | F94: 0.06 | G94: 0.15 | H94: 0.03
B95: Gloucester | C95: 0.29 | D95: 0.46 | E95: 0.08 | F95: 0.06 | G95: 0.06 | H95: 0.05
B96: Hudson | C96: 0.23 | D96: 0.38 | E96: 0.03 | F96: 0.06 | G96: 0.24 | H96: 0.06
B97: Hunterdon | C97: 0.4 | D97: 0.36 | E97: 0.05 | F97: 0.05 | G97: 0.09 | H97: 0.05
B98: Mercer | C98: 0.31 | D98: 0.4 | E98: 0.06 | F98: 0.08 | G98: 0.13 | H98: 0.02
B99: Middlesex | C99: 0.32 | D99: 0.44 | E99: 0.05 | F99: 0.05 | G99: 0.11 | H99: 0.03
... B109: Burlington | C109: 0.31 | D109: 0.41 | E109: 0.07 | F109: 0.06 | G109: 0.09 | H109: 0.06
A110: Source: https://www.nj.gov/humanservices/dmhas/publications/statistical/Substance%20Abuse%20Overview/2018/Pas.pdf Department of Health Division of Mental Health and Addiction Services Office of Planning, Research, Evaluation and Prevention, September 2019 Report. This statewide Substance Abuse Overview provides statistics on substance abuse treatment in New Jersey for calendar year 2018. In 2018, there were 89,629 treatment admissions and 87,516 discharges reported to the New Jersey Department of Health, Division of Mental Health and Addiction Services by substance abuse treatment providers. These data were submitted through the web-based New Jersey Substance Abuse Monitoring System (NJSAMS). This report is based on the information provided in the June 2019 NJSAMS download data.
A111: Info: In terms of county residents not treatment sites. Highest % (in top 10% of column) highlighted in red. Lowest % (in bottom 10% of column) highlighted in green.

Sheet 14. Mental Health Services
A1: 14.1. Burlington county mental health services (programs), 2017
C3: # of Programs
B4: Acute Care Family Support | C4: 0
B5: County Mental Health Board | C5: 1
B6: Emergency Services | C6: 0
B7: Homeless Services (PATH) | C7: 1
B8: Integrated Case Management Services | C8: 1
B9: Intensive Family Support | C9: 1
B10: Intensive Outpatient Tx and Support Services | C10: 1
B11: Involuntary Outpatient Commitment | C11: 1
B12: Justice Involved Services | C12: 0
B13: Outpatient | C13: 2
B14: Partial Care | C14: 2
B15: Program of Assertive Community Treatment (PACT) | C15: 1
... B24: Primary Screening Services | C24: 1
A26: Source: NJ Department of Human Services. 2017. https://www.nj.gov/humanservices/dmhas/home/hotlines/MH_Dir_COMPLETE.pdf
A27: Info: Primary screening services info from https://www.state.nj.us/humanservices/dmhas/home/hotlines/MH_Screening_Centers.pdf
A29: 14.2. NJ county age adjusted frequency of mental health distress, 2017
C31: Percent | D31: n | E31: County | F31: NJ Overall 12.1%
B32: Hunterdon | C32: 0.062 | D32: 527 | F32: 0.121
B33: Bergen | C33: 0.079 | D33: 577 | F33: 0.121
B34: Essex | C34: 0.08 | D34: 968 | F34: 0.121
B35: Cumberland | C35: 0.103 | D35: 452 | F35: 0.121
B36: Hudson | C36: 0.113 | D36: 584 | F36: 0.121
B37: Morris | C37: 0.118 | D37: 512 | F37: 0.121
B38: Middlesex | C38: 0.12 | D38: 571 | F38: 0.121
B39: Sussex | C39: 0.124 | D39: 475 | F39: 0.121
B40: Gloucester | C40: 0.129 | D40: 495 | F40: 0.121
B41: Passaic | C41: 0.133 | D41: 548 | F41: 0.121
B42: Monmouth | C42: 0.135 | D42: 491 | F42: 0.121
B43: Ocean | C43: 0.135 | D43: 572 | F43: 0.121
... B48: Warren | C48: 0.145 | D48: 515 | F48: 0.121
B49: Burlington | D49: 555 | E49: 0.158 | F49: 0.121
B50: Cape May | C50: 0.159 | D50: 442 | F50: 0.121
B51: Mercer | C51: 0.168 | D51: 532 | F51: 0.121
B52: Camden | C52: 0.174 | D52: 540 | F52: 0.121
A54: Source: NJ State Health Assessment Data. Query Building Tool. https://www-doh.state.nj.us/doh-shad/query/builder/njbrfs/MentHlth14/MentHlth14AA11_.html
A55: Info: Indicator: Frequent mental distress. 14 or more of the past 30 days "not good" Data from New Jersey Behavioral Risk Factor Survey Data - Age adjusted. The NJBRFS collects uniform, state-specific data on preventive health practices and risk behaviors that are linked to chronic diseases, injuries, and preventable infectious diseases in the adult population. The survey is conducted using scientific telephone survey methods. Excluded are adults living in group quarters such as college dormitories, nursing homes, military barracks, and prisons. Results have been weighted to the adult population by age, sex, and geographic area of residence. . The data in this query module are collected and maintained by the New Jersey Department of Health, Center for Health Statistics, in collaboration with the US Centers for Disease Control and Prevention. Data available annually between 2011 and 2017. Data not available by municipality.
A57: 14.3 Frequency (%) of mental health distress over time – age adjusted, in county
C59: Percent | D59: n
B60: 2013 | C60: 0.104 | D60: 582
B61: 2014 | C61: 0.115 | D61: 558
B62: 2015 | C62: 0.112 | D62: 496
B63: 2016 | C63: 0.085 | D63: 332
B64: 2017 | C64: 0.158 | D64: 555
A66: Source: NJ State Health Assessment Data. Query Building Tool. https://www-doh.state.nj.us/doh-shad/query/builder/njbrfs/MentHlth14/MentHlth14AA11_.html
A67: Info: Indicator: Frequent mental distress. 14 or more of the past 30 days "not good" Data from New Jersey Behavioral Risk Factor Survey Data - Age adjusted. The NJBRFS collects uniform, state-specific data on preventive health practices and risk behaviors that are linked to chronic diseases, injuries, and preventable infectious diseases in the adult population. The survey is conducted using scientific telephone survey methods. Excluded are adults living in group quarters such as college dormitories, nursing homes, military barracks, and prisons. Results have been weighted to the adult population by age, sex, and geographic area of residence. . The data in this query module are collected and maintained by the New Jersey Department of Health, Center for Health Statistics, in collaboration with the US Centers for Disease Control and Prevention. Data available annually between 2011 and 2017. Data not available by municipality.
A69: 14.4. Frequency (%) of mental health distress by race/ethnicity – age adjusted, in county
B71: Race/Ethnicity | C71: Percent
B72: White, non-Hispanic | C72: 0.125
B73: Black/African American, non-Hispanic | C73: 0.116
B74: Hispanic/Latino | C74: **
B75: Asian, non-Hispanic | C75: **
B76: Other, non-Hispanic | C76: **
A78: Source: NJ State Health Assessment Data. Query Building Tool. https://www-doh.state.nj.us/doh-shad/query/builder/njbrfs/MentHlth14/MentHlth14AA11_.html
A79: Info: Indicator: Frequent mental distress. 14 or more of the past 30 days "not good" Data from New Jersey Behavioral Risk Factor Survey Data - Age adjusted. The NJBRFS collects uniform, state-specific data on preventive health practices and risk behaviors that are linked to chronic diseases, injuries, and preventable infectious diseases in the adult population. The survey is conducted using scientific telephone survey methods. Excluded are adults living in group quarters such as college dormitories, nursing homes, military barracks, and prisons. Results have been weighted to the adult population by age, sex, and geographic area of residence. . The data in this query module are collected and maintained by the New Jersey Department of Health, Center for Health Statistics, in collaboration with the US Centers for Disease Control and Prevention. Data available annually between 2011 and 2017. Data not available by municipality.
A81: 14.5 Frequency (%) of mental health distress by sex – age adjusted, in county
B83: Sex | C83: Percent
B84: Men | C84: 0.084
B85: Women | C85: 0.242
A87: Source: NJ State Health Assessment Data. Query Building Tool. https://www-doh.state.nj.us/doh-shad/query/builder/njbrfs/MentHlth14/MentHlth14AA11_.html
A88: Info: Indicator: Frequent mental distress. 14 or more of the past 30 days "not good" Data from New Jersey Behavioral Risk Factor Survey Data - Age adjusted. The NJBRFS collects uniform, state-specific data on preventive health practices and risk behaviors that are linked to chronic diseases, injuries, and preventable infectious diseases in the adult population. The survey is conducted using scientific telephone survey methods. Excluded are adults living in group quarters such as college dormitories, nursing homes, military barracks, and prisons. Results have been weighted to the adult population by age, sex, and geographic area of residence. . The data in this query module are collected and maintained by the New Jersey Department of Health, Center for Health Statistics, in collaboration with the US Centers for Disease Control and Prevention. Data available annually between 2011 and 2017. Data not available by municipality.
A90: 14.6. NJ county age adjusted prevalence of diagnosed depression, 2017
C92: Percent | D92: n | E92: County | F92: NJ Overall 14.8%
B93: Bergen | C93: 0.082 | D93: 584 | F93: 0.148
B94: Essex | C94: 0.112 | D94: 980 | F94: 0.148
B95: Monmouth | C95: 0.132 | D95: 499 | F95: 0.148
B96: Middlesex | C96: 0.136 | D96: 575 | F96: 0.148
B97: Warren | C97: 0.136 | D97: 519 | F97: 0.148
B98: Morris | C98: 0.143 | D98: 522 | F98: 0.148
B99: Hunterdon | C99: 0.144 | D99: 534 | F99: 0.148
B100: Burlington | D100: 566 | E100: 0.147 | F100: 0.148
B101: Ocean | C101: 0.149 | D101: 580 | F101: 0.148
B102: Union | C102: 0.149 | D102: 546 | F102: 0.148
B103: Passaic | C103: 0.151 | D103: 556 | F103: 0.148
B104: Salem | C104: 0.164 | D104: 507 | F104: 0.148
B105: Sussex | C105: 0.166 | D105: 482 | F105: 0.148
B106: Cape May | C106: 0.18 | D106: 450 | F106: 0.148
B107: Somerset | C107: 0.185 | D107: 525 | F107: 0.148
B108: Atlantic | C108: 0.187 | D108: 457 | F108: 0.148
B109: Gloucester | C109: 0.19 | D109: 498 | F109: 0.148
B110: Hudson | C110: 0.192 | D110: 591 | F110: 0.148
B111: Cumberland | C111: 0.194 | D111: 457 | F111: 0.148
B112: Camden | C112: 0.195 | D112: 545 | F112: 0.148
B113: Mercer | C113: 0.201 | D113: 537 | F113: 0.148
A115: Source: NJ State Health Assessment Data. Query Building Tool. https://www-doh.state.nj.us/doh-shad/query/builder/njbrfs/DXDepress/DXDepressAA11_.html
A116: Info: Indicator: History of Diagnosed Depression Data (anytime in lifetime) from New Jersey Behavioral Risk Factor Survey Data - Age adjusted. The NJBRFS collects uniform, state-specific data on preventive health practices and risk behaviors that are linked to chronic diseases, injuries, and preventable infectious diseases in the adult population. The survey is conducted using scientific telephone survey methods. Excluded are adults living in group quarters such as college dormitories, nursing homes, military barracks, and prisons. Results have been weighted to the adult population by age, sex, and geographic area of residence. . The data in this query module are collected and maintained by the New Jersey Department of Health, Center for Health Statistics, in collaboration with the US Centers for Disease Control and Prevention. Data available annually between 2011 and 2017. Data not available by municipality.
A118: 14.7 Frequency (%) of depression over time, in county
C120: Percent | D120: n
B121: 2013 | C121: 0.151 | D121: 591
B122: 2014 | C122: 0.127 | D122: 566
B123: 2015 | C123: 0.157 | D123: 502
B124: 2016 | C124: 0.099 | D124: 334
B125: 2017 | C125: 0.147 | D125: 566
A127: Source: NJ State Health Assessment Data. Query Building Tool.https://www-doh.state.nj.us/doh-shad/query/builder/njbrfs/DXDepress/DXDepressAA11_.html
A128: Info: Indicator: History of Diagnosed Depression Data (anytime in lifetime) from New Jersey Behavioral Risk Factor Survey Data - Age adjusted. The NJBRFS collects uniform, state-specific data on preventive health practices and risk behaviors that are linked to chronic diseases, injuries, and preventable infectious diseases in the adult population. The survey is conducted using scientific telephone survey methods. Excluded are adults living in group quarters such as college dormitories, nursing homes, military barracks, and prisons. Results have been weighted to the adult population by age, sex, and geographic area of residence. . The data in this query module are collected and maintained by the New Jersey Department of Health, Center for Health Statistics, in collaboration with the US Centers for Disease Control and Prevention. Data available annually between 2011 and 2017. Data not available by municipality.
A130: 14.8. Diagnosed depression by race/ethnicity, in county
B132: Race/Ethnicity | C132: Percent | D132: n
B133: White, non-Hispanic | C133: 0.156 | D133: 427
B134: Black/African American, non-Hispanic | C134: 0.202 | D134: 81
...

Sheet 15. Education
A1: 15.1 Children enrolled in special education services, by County, 2018-2019
C3: # enrolled
C4: 2018 Copy This County | D4: 2018 | E4: 2019 | F4: 2019 Copy This County
B5: Salem | D5: 2059 | E5: 2056
B6: Cape May | D6: 2411 | E6: 2359
B7: Warren | D7: 2970 | E7: 2936
B8: Hunterdon | D8: 3500 | E8: 3529
B9: Sussex | D9: 4284 | E9: 4177
B10: Cumberland | D10: 5051 | E10: 4995
B11: Atlantic | D11: 7754 | E11: 7577
B12: Gloucester | D12: 8997 | E12: 8896
B13: Somerset | D13: 9004 | E13: 9004
B14: Mercer | D14: 10275 | E14: 9860
B15: Hudson | D15: 12627 | E15: 12496
B16: Morris | D16: 13526 | E16: 13101
B17: Burlington | C17: 13311 | D17: 13311 | E17: 13284 | F17: 13284
B18: Passaic | D18: 14469 | E18: 14186
B19: Ocean | D19: 16605 | E19: 14364
B20: Camden | D20: 15638 | E20: 14788
B21: Union | D21: 15217 | E21: 14961
B22: Monmouth | D22: 18203 | E22: 17177
B23: Middlesex | D23: 18515 | E23: 18583
B24: Essex | D24: 22189 | E24: 22004
B25: Bergen | D25: 24354 | E25: 23642
B26: New Jersey | D26: 241047 | E26: 246677
A28: Source: New Jersey Department of Education Office of Special Education Programs, 2019 Special Education Data
A29: Data updated as of October 2019.
A30: Municipality Data Available?: Yes
A31: Note: Charter schools were included in the county of registered address. Note that total county population size has not been accounted for in this indicator.
A33: 15.2 Children Receiving Early Intervention Services, by County, 2018-2019
C35: # enrolled
C36: 2018-2019 | D36: County
B37: Salem | C37: 75
B38: Cape May | C38: 97
B39: Warren | C39: 116
B40: Hunterdon | C40: 126
B41: Sussex | C41: 171
B42: Cumberland | C42: 196
B43: Atlantic | C43: 386
B44: Somerset | C44: 404
B45: Gloucester | C45: 418
B46: Mercer | C46: 459
B47: Burlington | D47: 509
B48: Morris | C48: 715
B49: Camden | C49: 740
B50: Monmouth | C50: 904
B51: Union | C51: 931
B52: Hudson | C52: 1036
B53: Passaic | C53: 1073
B54: Middlesex | C54: 1381
B55: Essex | C55: 1401
B56: Bergen | C56: 1411
B57: Ocean | C57: 1667
B58: New Jersey | C58: 14216
A60: Source: New Jersey Early Intervention System
A61: Note: Note that total county population size has not been accounted for in this indicator.
